 Dungeon Crawl Stone Soup version 0.32-a0-7-ge934b45 (webtiles) character file.

Game seed: 17113698282692006633

8034680 queze the Ninja (level 27, 215/215 HPs)
             Began as a Felid Earth Elementalist on Jan 12, 2024.
             Was the Champion of Vehumet.
             Escaped with the Orb
             ... and 15 runes on Jan 13, 2024!
             The game lasted 11:16:57 (222284 turns).

queze the Ninja (Felid Earth Elementalist)        Turns: 222284, Time: 11:16:58

Health: 215/215    AC: 38    Str: 10    XL:     27
Magic:  46/46      EV: 38    Int: 33    God:    Vehumet [******]
Gold:   13726      SH:  0    Dex: 17    Spells: 4/62 levels left
                                        Lives:  1   Deaths: 10

rFire   + +          +
                       - Unarmed
rCold   + + .        (shield unavailable)
rNeg    + . .        (body armour unavailable)
rPois   ∞            (helmet unavailable)
rElec   +            (cloak unavailable)
rCorr   .            (gloves unavailable)
SInv    +            (boots unavailable)
Will    ++++.        J - amulet of Conversion {Acrobat rF+++ rC++ Dex-2}
Stlth   ++++         H - +6 ring of intelligence
HPRegen 0.55/turn    m - ring of the Mage {Wiz Archmagi}
MPRegen 0.30/turn

%: acrobat, wizardry (x1), archmagi
@: statue-form, very slow
A: slow and powerful, torment resistance 1, boosted hp, very small, claws 1,
fangs 3, see invisible, (shaggy fur 3), stealthy paws, no weapons or thrown
items, no armour, multi-lived, poison resistance, strong 1, subdued magic 1,
MP-powered wands, noise suppression
0: Orb of Zot
}: 15/15 runes: serpentine, barnacled, slimy, silver, golden, iron, obsidian,
icy, bone, abyssal, demonic, glowing, magical, fiery, dark
a: Begin Untransformation, Renounce Religion


You escaped.
You worshipped Vehumet.
Vehumet was exalted by your worship.
You were a living statue of rough stone.
You visited 18 branches of the dungeon, and saw 88 of its levels.
You visited Pandemonium 3 times, and saw 19 of its levels.
You visited the Abyss 10 times.
You visited 1 bazaar.
You visited 1 ziggurat, and saw 23 of its levels.
You also visited: Ice Cave.

You collected 17455 gold pieces.
You spent 3729 gold pieces at shops.

Inventory:

Jewellery
 m - the ring of the Mage (right paw) {Wiz Archmagi}
   (You bought it in a shop on level 3 of the Snake Pit)

   [ring of wizardry]

   Wiz:       It improves your spell success rate.
   Archmagi:  It increases the power of your magical spells.
 u - the ring of Loshrust {Fly rElec Will- Str+3}
   (You found it on level 20 of a ziggurat)

   [ring of flight]

   Str+3:     It affects your strength (+3).
   rElec:     It insulates you from electricity.
   Will-:     It decreases your willpower.
   Fly:       It grants you flight.
 B - a +6 ring of strength
 F - the ring "Gonudel" {rN+ Dex+6 Slay+2}
   (You took it off a frost giant on level 2 of the Depths)

   [ring of dexterity]

   Dex+6:     It affects your dexterity (+6).
   Slay+2:    It affects your accuracy & damage with ranged weapons and melee
   (+2).
   rN+:       It protects you from negative energy.
 H - a +6 ring of intelligence (left paw)
 I - an amulet of reflection
 J - the amulet of Conversion (around neck) {Acrobat rF+++ rC++ Dex-2}
   (You found it on level 2 of the Lair of Beasts)

   [amulet of the acrobat]

   Acrobat:   It increases your evasion while moving and waiting.
   Dex-2:     It affects your dexterity (-2).
   rF+++:     It renders you almost immune to fire.
   rC++:      It greatly protects you from cold.
 U - the ring of Rapsaago {Fly rPois Int+2 Dex+3}
   (You found it in Pandemonium)

   [ring of flight]

   Int+2:     It affects your intelligence (+2).
   Dex+3:     It affects your dexterity (+3).
   rPois:     It protects you from poison Fly: It grants you flight.
Talismans
 Z - a granite talisman (active)
Wands
 f - a wand of flame (282)
 v - a wand of polymorph (76)
 D - a wand of digging (64)
 K - a wand of acid (107)
 M - a wand of roots (109)
 Q - a wand of mindburst (101)
 X - a wand of charming (171)
Scrolls
 b - 4 scrolls of amnesia
 h - 6 scrolls of revelation
 i - 67 scrolls of identify
 j - 18 scrolls of noise {!r}
 l - 15 scrolls of fear
 o - 10 scrolls of torment {!r}
 q - 19 scrolls of immolation {!r}
 s - 11 scrolls of fog
 t - 16 scrolls of teleportation
 z - 4 scrolls of butterflies
 A - 3 scrolls of blinking {!r}
 C - 7 scrolls of poison {!r}
 L - 3 scrolls of silence
 T - 8 scrolls of vulnerability {!r!r}
Potions
 a - a potion of magic
 c - 9 potions of attraction {!q}
 d - 29 potions of curing
 g - 7 potions of mutation {!q}
 k - 7 potions of resistance
 n - 11 potions of haste
 r - 2 potions of brilliance
 w - 10 potions of might
 x - 9 potions of enlightenment
 E - 8 potions of heal wounds
 G - 13 potions of lignification {!q}
 O - 5 potions of berserk rage {!q}
 R - 5 potions of cancellation
 S - 4 potions of invisibility
 V - a potion of ambrosia
Miscellaneous
 e - a condenser vane
 p - the horn of Geryon
 y - a sack of spiders
 W - a phantom mirror
 Y - a lightning rod (4/4)


   Skills:
 - Level 24.0 Fighting
 O Level 27 Dodging
 O Level 27 Stealth
 - Level 15.0 Unarmed Combat
 - Level 18.0 Spellcasting
 - Level 20.0 Conjurations
 - Level 20.0 Hexes
 + Level 26.7 Necromancy
 - Level 8.0 Translocations
 - Level 20.0 Fire Magic
 - Level 16.0 Air Magic
 + Level 25.6 Earth Magic
 - Level 7.0 Alchemy
 - Level 15.0 Evocations
 - Level 25.0 Shapeshifting


You had 4 spell levels left.
You knew the following spells:

 Your Spells              Type           Power      Damage    Failure   Level
a - Fire Storm            Conj/Fire      56%        8d14      3%          9
b - Enfeeble              Hex            56%        N/A       1%          7
c - Maxwell's Capacitive  Air            51%        ∞         1%          8
d - Lehudib's Crystal Sp  Conj/Erth      59%        10d14     1%          8
e - Passage of Golubria   Tloc           76%        N/A       1%          4
h - Shatter               Erth           62%        3d46*     1%          9
i - Apportation           Tloc           100%       N/A       0%          1
s - Swiftness             Air            100%       N/A       0%          3
D - Death's Door          Necr           63%        N/A       1%          9

Your spell library contained the following spells:

 Spells                   Type           Power      Damage    Failure   Level
 Polar Vortex             Ice            17%        12d2*     99%         9
 Kiss of Death            Conj/Necr      100%       2d13      0%          1
 Magic Dart               Conj           100%       1d8       0%          1
 Necrotise                Necr           100%       1d9       0%          1
 Sandblast                Erth           100%       2d20      0%          1
 Shock                    Conj/Air       100%       1d9       0%          1
 Slow                     Hex            100%       N/A       0%          1
 Sting                    Conj/Alch      100%       1d9       0%          1
 Cigotuvi's Dreadful Rot  Necr/Alch/Air  100%       N/A       0%          2
 Ensorcelled Hibernation  Hex/Ice        100%       N/A       0%          2
 Jinxbite                 Hex            100%       N/A       0%          2
 Mercury Vapours          Alch/Air       100%       N/A       0%          2
 Momentum Strike          Conj/Tloc      100%       3d10      0%          2
 Searing Ray              Conj           100%       2d8       0%          2
 Static Discharge         Conj/Air       100%       3-8/arc   0%          2
 Confusing Touch          Hex            100%       N/A       0%          3
 Dazzling Flash           Conj/Hex       100%       N/A       0%          3
 Fugue of the Fallen      Necr           100%       N/A       0%          3
 Hailstorm                Conj/Ice       84%        3d14      0%          3
 Inner Flame              Hex/Fire       100%       N/A       0%          3
 Mephitic Cloud           Conj/Alch/Air  97%        N/A       0%          3
 Passwall                 Erth           100%       N/A       0%          3
 Sigil of Binding         Hex            100%       N/A       0%          3
 Stone Arrow              Conj/Erth      100%       3d13      0%          3
 Tukima's Dance           Hex            100%       N/A       0%          3
 Vampiric Draining        Necr           100%       2d13      0%          3
 Volatile Blastmotes      Fire/Tloc      100%       2d18      0%          3
 Airstrike                Air            51%        2d(8-24)  0%          4
 Anguish                  Hex/Necr       59%        N/A       0%          4
 Animate Dead             Necr           100%       N/A       0%          4
 Brom's Barrelling Bould  Conj/Erth      100%       2d11      0%          4
 Cause Fear               Hex            56%        N/A       0%          4
 Dispel Undead            Necr           100%       3d31      0%          4
 Flame Wave               Conj/Fire      100%       2d21      0%          4
 Fulminant Prism          Conj/Alch      47%        3d21      0%          4
 Ignite Poison            Fire/Alch      95%        N/A       0%          4
 Iskenderun's Mystic Bla  Conj/Tloc      96%        2d19      0%          4
 Leda's Liquefaction      Alch/Erth      51%        N/A       0%          4
 Petrify                  Alch/Erth      100%       N/A       0%          4
 Sticky Flame             Fire/Alch      95%        2d14      0%          4
 Summon Small Mammal      Summ           100%       N/A       1%          1
 Blink                    Tloc           100%       N/A       1%          2
 Call Imp                 Summ           68%        N/A       1%          2
 Lesser Beckoning         Tloc           100%       N/A       1%          2
 Call Canine Familiar     Summ           34%        N/A       1%          3
 Gell's Gravitas          Tloc           76%        N/A       1%          3
 Ozocubu's Armour         Ice            34%        N/A       1%          3
 Summon Ice Beast         Ice/Summ       34%        N/A       1%          3
 Teleport Other           Tloc           76%        N/A       1%          3
 Manifold Assault         Tloc           76%        N/A       1%          4
 Martyr's Knell           Necr/Summ      94%        N/A       1%          4
 Olgreb's Toxic Radiance  Alch           73%        N/A       1%          4
 Summon Blazeheart Golem  Fire/Summ      84%        N/A       1%          4
 Summon Lightning Spire   Summ/Air       77%        N/A       1%          4
 Vhi's Electric Charge    Tloc/Air       100%       N/A       1%          4
 Arcjolt                  Conj/Air       53%        1d63      0%          5
 Curse of Agony           Necr           100%       N/A       0%          5
 Fireball                 Conj/Fire      56%        3d22      0%          5
 Iskenderun's Battlesphe  Conj           100%       2d15      0%          5
 Lee's Rapid Deconstruct  Erth           62%        3d28*     0%          5
 Silence                  Hex/Air        53%        N/A       0%          5
 Bombard                  Conj/Erth      59%        9d10      0%          6
 Death Channel            Necr           63%        N/A       0%          6
 Starburst                Conj/Fire      56%        6d15      0%          6
 Alistair's Intoxication  Alch           48%        N/A       1%          5
 Freezing Cloud           Conj/Ice/Air   45%        6-21      1%          5
 Irradiate                Conj/Alch      47%        3d27      1%          5
 Summon Mana Viper        Hex/Summ       84%        N/A       1%          5
 Yara's Violent Unravell  Hex/Alch       47%        3d18      1%          5
 Conjure Ball Lightning   Conj/Air       53%        3x3d18    1%          6
 Eringya's Noxious Bog    Alch           36%        4d6       1%          6
 Plasma Beam              Fire/Air       53%        2x1d68    1%          6
 Haunt                    Necr/Summ      47%        N/A       1%          7
 Orb of Destruction       Conj           56%        9d14      1%          7
 Spellforged Servitor     Conj/Summ      42%        N/A       1%          7
 Borgnjor's Revivificati  Necr           63%        N/A       1%          8
 Discord                  Hex            56%        N/A       1%          8
 Ignition                 Fire           56%        3d15      1%          8
 Infestation              Necr           63%        N/A       1%          8
 Summon Forest            Summ/Tloc      29%        N/A       2%          5
 Dispersal                Tloc           38%        N/A       2%          6
 Sculpt Simulacrum        Ice/Alch       28%        N/A       16%         6
 Malign Gateway           Summ/Tloc      29%        N/A       56%         7
 Ozocubu's Refrigeration  Ice            17%        4d11      58%         7
 Disjunction              Tloc           38%        N/A       71%         8
 Monstrous Menagerie      Summ           17%        N/A       98%         7
 Summon Hydra             Summ           17%        N/A       98%         7
 Dragon's Call            Summ           17%        N/A       100%        9
 Sublimation of Blood     Necr           Unusable   N/A       N/A         2
 Dimensional Bullseye     Hex/Tloc       Unusable   N/A       N/A         4
 Animate Armour           Summ/Erth      Unusable   N/A       N/A         4

Dungeon Overview and Level Annotations

Branches:
Dungeon (15/15)            Temple (1/1) D:4            Lair (5/5) D:11
 Shoals (4/4) Lair:3        Snake (4/4) Lair:2        Slime (5/5) Lair:4
    Orc (2/2) D:11            Elf (3/3) Orc:2        Vaults (5/5) D:13
  Crypt (3/3) Vaults:2       Tomb (3/3) Crypt:3      Depths (4/4) D:15
   Hell (visited)             Dis (7/7) Hell            Geh (7/7) Hell
    Coc (7/7) Hell            Tar (7/7) Hell            Zot (5/5) Depths:4
  IceCv (visited)

Altars:
Ashenzari
Cheibriados
Elyvilon
Fedhas
Gozag
Hepliaklqana
Kikubaaqudgha
Makhleb
Nemelex Xobeh
Okawaru
Qazlal
Ru
Trog
Uskayaw
Vehumet
Wu Jian
Xom
Yredelemnul
Zin
The Shining One
Jiyva

Shops:
D:7 :   D:13 !   D:15 [:(**   Orc:2 ([=[   Elf:1 ?   Elf:3 [   Snake:2 =[(*
Snake:3 ??:=   Vaults:1 [   Vaults:3 [   Vaults:4 [   Zot:5 *   Depths:2 :==

Portals:
Hell: Depths:1 Depths:2 Depths:3 Depths:4
Abyss: Depths:2 Depths:3
Pandemonium: Depths:1 Depths:2 Depths:3
Ziggurat: Depths:1
Trove: Vaults:1 (give 18 scrolls of teleportation)

Annotations:
D:3 exclusion: upstairs
D:4 exclusion: upstairs
D:8 Jeremiah
D:9 exclusion: upstairs
D:15 exclusion: upstairs
Snake:1 Nikola
Snake:3 Vashnia
Slime:5 exclusion: 2 upstairs, Royal Jelly
Elf:2 3 runed translucent doors
Vaults:1 1 transporter
Depths:2 exclusion: upstairs
Depths:3 exclusion: upstairs
Depths:4 exclusion: upstairs
Geh:7 Asmodeus
Coc:7 Antaeus
Tar:7 Ereshkigal
Zot:1 exclusion: door


Innate Abilities, Weirdness & Mutations

You are a living statue of rough stone.
Your actions are slow, but your melee attacks are powerful.
You are resistant to unholy torment.
Your maximum health is greatly increased.
You are immune to poison.
You have sharp claws.
You have razor-sharp teeth.
You have supernaturally acute eyesight. (SInv)
((Your thick and shaggy fur keeps you warm. (AC +3, rC+)))
Your paws help you pounce on unaware monsters.
You are incapable of wielding weapons or throwing items.
You cannot wear armour.
You gain extra lives every three experience levels.
Your system is resistant to poisons. (rPois)
Your muscles are strong. (Str +4, Int/Dex -1)
Your spells are a little easier to cast, but a little less powerful.
You expend magic power (3 MP) to strengthen your wands.
You passively dampen the noise of your surroundings.


Message History

Confirm with . or Enter, or press ? or * to list all spells.
Okay, then.
Okay, then.
Okay, then.
Okay, then.
Your memory of Borgnjor's Revivification unravels.
Okay, then.
You begin transforming.
You continue transforming. x3
You turn into a living statue of rough stone.
You now have 166/215 hp.
This spell is mildly dangerous to cast.
You start memorising the spell.
You continue memorising. x6
You finish memorising.
Spell assigned to 'a'.
You regained 5 hp, and now have 171/215 hp.
Okay, then.
Okay, then.
Your memory of Dispersal unravels.
This spell is dangerous to cast!
You start memorising the spell.
You continue memorising. x9
You finish memorising.
Spell assigned to 'a'.
You regained 8 hp, and now have 180/215 hp.
You start resting.
A shadow demon comes into view.
You regained 9 hp, and now have 189/215 hp.
Cast which spell? (? or * to list)
Aiming: Lehudib's Crystal Spear (mildly dangerous; 1% risk of failure)
Press: ? - help, Shift-Dir - straight line, f - shadow demon
Aim: a shadow demon (lightly wounded, wandering, strong, hasn't noticed you, 79% to hit)
You feel a surge of power!
The crystal spear hits the shadow demon!!!
You kill the shadow demon!
You feel your power returning.
You now have 43/46 mp.
You start resting.
Tocvic comes into view. It is armed with a chaotic touch.
You feel much better.
Health restored: 215 Magic courses through your body.
MP restored: 46 You have escaped!

........#...............#........
#.......#.#############.#..#....#
#.......#.#...........#.#..#....#
#.........#.####.####.#.#..#....#
#.......#.#.#.......#.#...##.....
#.......#.#.#.#####.#.#.#..#....#
#....(..#.#.#.#...#.#.#.#.......#
#.......#.#.#.#...#.#.#.#.......#
#.......#.'.#.#.8..§#.'.#..#....#
#######.#.#.#.#...#§#.#.#..#....#
# #.#.#.#.#...#.#.#.#..#....# #
#.#.#.#.#####.#.#.#..#....#
#######...#.#.......#.#.#.......#
........#.#.####.####.#....#.#..#
#....####.#.).........#.#.......#
+.......#.#############.#...###..
#....##.#...............#.....#..

Skill      XL: |  1  2  3  4  5  6  7  8  9 10 11 12 13 14 15 16 17 18 19 20 21 22 23 24 25 26 27 |
---------------+----------------------------------------------------------------------------------+-----
Stealth        | 3 4 5 6 7 10 12 15 16 17 18 19 20 21 22 23 24 27 | 27.0
Fighting       | 1 2 3 5 7 10 11 12 13 14 15 16 24 | 24.0
Conjurations   | 1 2 3 4 5 6 7 10 11 12 13 14 15 20 | 20.0
Earth Magic    | 3 4 5 6 7 10 11 12 14 15 16 17 18 20 25 | 25.6
Dodging        | 3 4 6 8 10 11 12 13 14 15 16 17 18 19 20 27 | 27.0
Spellcasting   | 3 4 5 7 8 9 10 11 12 13 14 15 18 | 18.0
Evocations     | 5 6 8 10 15 | 15.0
Alchemy        | 5 7 |  7.0
Hexes          | 15 20 | 20.0
Translocations | 4 8 |  8.0
Shapeshifting  | 9 15 16 25 | 25.0
Unarmed Combat | 10 15 | 15.0
Air Magic      | 16 | 16.0
Necromancy     | 26 | 26.7
Fire Magic     | 20 | 20.0

Notes
Turn   | Place    | Note
-------+----------+-------------------------------------------
     0 | D:1      | queze the Felid Earth Elementalist began the quest for the
                  | Orb.
     0 | D:1      | Reached XP level 1. HP: 9/9 MP: 4/4
    77 | D:1      | Reached skill level 3 in Stealth
   148 | D:1      | Reached skill level 1 in Fighting
   224 | D:1      | Reached skill level 1 in Conjurations
   354 | D:1      | Reached XP level 2. HP: 14/14 MP: 3/6
   700 | D:1      | Reached skill level 3 in Earth Magic
   920 | D:1      | Reached XP level 3. HP: 18/18 MP: 5/7
   924 | D:1      | Learned a level 3 spell: Stone Arrow
  1541 | D:2      | Reached skill level 2 in Conjurations
  2075 | D:3      | Found a runed translucent gate.
  2076 | D:3      | Found a runed translucent gate.
  2095 | D:3      | Identified the amulet "Mujitev" {Will+ Regen+}
  2142 | D:3      | Reached XP level 4. HP: 22/22 MP: 6/8
  2142 | D:3      | Gained a life (2 lives remaining)
  2244 | D:3      | Found a runed translucent gate.
  2792 | D:3      | Found a broken altar of Ashenzari.
  2809 | D:3      | Found a blossoming altar of Fedhas.
  2937 | D:3      | Found a bloodstained altar of Trog.
  2944 | D:3      | Found a burning altar of Makhleb.
  3089 | D:3      | Found an ancient bone altar of Kikubaaqudgha.
  3254 | D:3      | Noticed kasel's ghost (weakling VSBr)
  3317 | D:4      | Reached skill level 4 in Earth Magic
  3433 | D:4      | Noticed a scorpion
  3539 | D:4      | Reached skill level 3 in Conjurations
  3647 | D:4      | Found a staircase to the Ecumenical Temple.
  3651 | Temple   | Entered the Ecumenical Temple
  3669 | Temple   | Became a worshipper of Elyvilon the Healer
  3857 | D:4      | Reached XP level 5. HP: 25/25 MP: 7/9
  4563 | D:5      | Entered Level 5 of the Dungeon
  4623 | D:5      | Noticed an ice beast
  4869 | D:5      | HP: 3/25 [sleepcap (20)]
  4968 | D:5      | Reached * piety under Elyvilon
  4993 | D:5      | Found a basalt altar of Yredelemnul.
  5488 | D:6      | Reached skill level 4 in Conjurations
  5581 | D:6      | Reached skill level 4 in Stealth
  5619 | D:6      | Gained mutation: You are covered in thick fur. (AC +2)
                  | [Felid growth]
  5619 | D:6      | Reached XP level 6. HP: 30/30 MP: 6/10
  5803 | D:6      | Noticed Blork the orc
  5814 | D:6      | Blork the orc changed into Blork the goblin
  5814 | D:6      | Noticed Blork
  5818 | D:6      | Killed Blork the goblin
  5854 | D:6      | Noticed a water moccasin
  6009 | D:6      | Learned a level 3 spell: Passwall
  6037 | D:6      | Reached ** piety under Elyvilon
  6170 | D:6      | Noticed an ice beast
  6325 | D:6      | Killed a water moccasin
  6326 | D:6      | Reached skill level 5 in Stealth
  6326 | D:6      | Reached skill level 3 in Dodging
  6437 | D:6      | Reached skill level 3 in Spellcasting
  6621 | D:6      | Killed an ice beast
  6622 | D:6      | Reached XP level 7. HP: 33/33 MP: 4/12
  7251 | D:7      | Found a hazy altar of Hepliaklqana.
  7360 | D:7      | Found Notonn's Tiny Tomes.
  7383 | D:7      | Reached skill level 5 in Conjurations
  7383 | D:7      | Reached skill level 5 in Earth Magic
  7581 | D:7      | Reached skill level 2 in Fighting
  7702 | D:7      | Reached skill level 4 in Dodging
  7766 | D:7      | Reached skill level 6 in Stealth
  7766 | D:7      | Reached XP level 8. HP: 39/39 MP: 6/13
  8047 | D:7      | Reached *** piety under Elyvilon
  8230 | D:7      | Reached skill level 3 in Fighting
  8230 | D:7      | Reached skill level 5 in Dodging
  8785 | D:7      | Reached skill level 7 in Stealth
  9298 | D:8      | Noticed a manticore
  9414 | D:7      | Reached skill level 6 in Dodging
  9414 | D:7      | Reached skill level 1 in Evocations
  9690 | D:8      | Reached skill level 2 in Evocations
  9862 | D:8      | Reached skill level 3 in Evocations
 10074 | D:8      | Noticed a two-headed ogre
 10137 | D:8      | Noticed Psyche
 10185 | D:8      | Found a radiant altar of Vehumet.
 10191 | D:8      | Reached skill level 4 in Evocations
 10235 | D:8      | Fell from the grace of Elyvilon
 10235 | D:8      | Became a worshipper of Vehumet
 11064 | D:8      | Reached skill level 5 in Evocations
 11308 | D:8      | Reached skill level 4 in Spellcasting
 11308 | D:8      | Reached XP level 9. HP: 44/44 MP: 8/16
 11313 | D:8      | Learned a level 4 spell: Petrify
 12022 | D:9      | Reached skill level 1 in Alchemy
 12103 | D:9      | Reached skill level 2 in Alchemy
 12271 | D:9      | Noticed a two-headed ogre
 12421 | D:8      | Reached skill level 3 in Alchemy
 12769 | D:8      | Killed Psyche
 12770 | D:8      | Reached skill level 4 in Alchemy
 12770 | D:8      | Noticed Jeremiah
 13526 | D:8      | Killed a manticore
 13527 | D:8      | Reached skill level 5 in Alchemy
 14008 | D:9      | Reached * piety under Vehumet
 14008 | D:9      | Offered knowledge of Foxfire by Vehumet.
 14574 | D:9      | Killed a two-headed ogre
 14575 | D:9      | Reached skill level 6 in Conjurations
 14575 | D:9      | Reached skill level 6 in Earth Magic
 14929 | D:9      | Reached XP level 10. HP: 49/49 MP: 7/17
 15224 | D:10     | Entered Level 10 of the Dungeon
 15817 | D:9      | Reached skill level 7 in Conjurations
 15817 | D:9      | Reached skill level 7 in Earth Magic
 15869 | D:9      | Offered knowledge of Momentum Strike by Vehumet.
 15890 | D:9      | Reached ** piety under Vehumet
 16436 | D:9      | Reached skill level 4 in Fighting
 16436 | D:9      | Reached skill level 8 in Stealth
 17023 | D:10     | Reached skill level 7 in Dodging
 17157 | D:10     | Reached skill level 5 in Fighting
 17157 | D:10     | Reached skill level 9 in Stealth
 17328 | D:10     | Found a large runed translucent door.
 17328 | D:10     | Found a large runed translucent door.
 17393 | D:10     | Noticed Caerwyn's ghost (journeyman GrEE)
 18102 | D:10     | Learned a level 4 spell: Leda's Liquefaction
 18204 | D:11     | Noticed a two-headed ogre
 18215 | D:11     | Killed a two-headed ogre
 18215 | D:11     | Offered knowledge of Inner Flame by Vehumet.
 18216 | D:11     | Reached skill level 8 in Dodging
 18216 | D:11     | Reached skill level 10 in Stealth
 18246 | D:11     | Reached XP level 11. HP: 53/55 MP: 11/18
 18332 | D:11     | Reached skill level 6 in Alchemy
 18502 | D:11     | Identified the +6 whip "Beast's Demise" {elec, *Corrode
                  | rPois Str+5 Dex+4}
 18620 | D:11     | Noticed Sonja
 18623 | D:11     | Killed Sonja
 18749 | D:11     | Noticed a boulder beetle
 18859 | D:11     | Noticed a skeletal warrior
 18861 | D:11     | Noticed a skeletal warrior
 19105 | D:11     | Reached skill level 7 in Alchemy
 19303 | D:11     | Found a staircase to the Orcish Mines.
 19442 | D:11     | Noticed Erica
 19705 | D:11     | Killed a boulder beetle
 19848 | D:11     | Noticed a skeletal warrior
 19987 | D:11     | Found the +3 warlock's mirror {omnireflect}
 20007 | D:11     | Reached *** piety under Vehumet
 20074 | D:11     | Found a staircase to the Lair.
 20419 | Lair:1   | Entered Level 1 of the Lair of Beasts
 20535 | Lair:1   | Noticed Amaemon
 20567 | Lair:1   | Reached skill level 9 in Dodging
 20811 | Lair:1   | Reached skill level 6 in Fighting
 20811 | Lair:1   | Reached skill level 11 in Stealth
 20811 | Lair:1   | Reached skill level 5 in Spellcasting
 21036 | Lair:1   | Noticed Harold
 21411 | Lair:1   | HP: 12/58 [komodo dragon (25)]
 21764 | Lair:1   | Learned a level 5 spell: Lee's Rapid Deconstruction
 22087 | Lair:2   | Reached skill level 10 in Dodging
 22120 | Lair:2   | Reached skill level 7 in Fighting
 22283 | Lair:2   | Reached skill level 12 in Stealth
 22377 | Lair:2   | Gained mutation: Your thick and shaggy fur keeps you warm.
                  | (AC +3, rC+) [Felid growth]
 22377 | Lair:2   | Reached XP level 12. HP: 63/63 MP: 20/20
 22726 | Lair:2   | Identified the amulet of Conversion {Acrobat rF+++ rC++
                  | Dex-2}
 22901 | Lair:2   | Offered knowledge of Airstrike by Vehumet.
 23401 | Lair:2   | Found a staircase to the Snake Pit.
 23511 | Lair:2   | Reached skill level 8 in Fighting
 23511 | Lair:2   | Reached skill level 13 in Stealth
 23903 | Lair:3   | Noticed a five-headed hydra
 24114 | Lair:3   | Noticed a five-headed hydra
 24667 | Lair:3   | Killed a five-headed hydra
 25014 | Lair:3   | Reached skill level 14 in Stealth
 25105 | Lair:3   | Reached skill level 9 in Fighting
 25718 | Lair:3   | Found a staircase to the Shoals.
 26055 | Lair:4   | Found a viscous altar of Jiyva.
 26371 | Lair:4   | HP: 6/67 [black mamba (15)]
 26630 | Lair:4   | Found a glowing golden altar of the Shining One.
 26870 | Lair:4   | Found a staircase to the Slime Pits.
 27101 | Lair:4   | Reached skill level 15 in Stealth
 27199 | Lair:4   | Reached **** piety under Vehumet
 27200 | Lair:4   | Reached skill level 10 in Fighting
 27559 | Lair:5   | Entered Level 5 of the Lair of Beasts
 27964 | Lair:4   | Offered knowledge of Mephitic Cloud by Vehumet.
 28183 | Lair:5   | Found a frozen archway.
 28193 | IceCv    | Entered an ice cave
 28615 | IceCv    | Reached XP level 13. HP: 72/72 MP: 17/22
 30022 | IceCv    | Reached skill level 6 in Spellcasting
 31008 | Lair:4   | Reached skill level 8 in Earth Magic
 31107 | Lair:5   | Reached skill level 8 in Conjurations
 32111 | Lair:5   | Reached skill level 7 in Spellcasting
 32830 | Lair:5   | Reached skill level 9 in Earth Magic
 32917 | Lair:5   | Reached ***** piety under Vehumet
 32918 | Lair:5   | Reached skill level 9 in Conjurations
 32951 | Lair:5   | Offered knowledge of Plasma Beam by Vehumet.
 33872 | Lair:5   | HP: 17/72 [poisoned by a swamp dragon (poison gas)]
 33873 | Lair:5   | HP: 4/72 [swamp dragon/blast of poison (14)]
 33874 | Lair:5   | Engulfed by a swamp dragon's poison gas
 33874 | Lair:5   | Lost a life (1 life remaining)
 33890 | Lair:5   | Identified the +6 mace "Fuovvatou" {venom, ^Drain rC++
                  | Int+6}
 33892 | Lair:5   | HP: 18/72 [poisoned by a swamp dragon (poison gas)]
 34160 | Lair:5   | Learned a level 6 spell: Bombard
 34255 | Lair:1   | Killed Harold
 34900 | D:11     | HP: 8/72 [Amaemon/+0 demon whip of venom (13)]
 35331 | D:11     | Killed Erica
 35332 | D:11     | Reached skill level 10 in Conjurations
 35332 | D:11     | Reached skill level 10 in Earth Magic
 35551 | Orc:1    | Entered Level 1 of the Orcish Mines
 35721 | Orc:1    | Reached XP level 14. HP: 70/77 MP: 25/25
 35721 | Orc:1    | Gained a life (2 lives remaining)
 36271 | Orc:2    | Entered Level 2 of the Orcish Mines
 36271 | Orc:2    | Noticed Urug
 36271 | Orc:2    | Noticed Donald
 36437 | Orc:2    | Noticed Josephine
 36771 | Orc:2    | Killed Josephine
 37207 | Orc:2    | Found Gianir's Armour Shoppe.
 37605 | Orc:2    | Killed Urug
 37974 | Orc:2    | Found a runed translucent door.
 38077 | Orc:2    | Noticed Maurice
 38095 | Orc:2    | Killed Maurice
 38095 | Orc:2    | Offered knowledge of Fulminant Prism by Vehumet.
 40359 | D:13     | Found a shimmering altar of Xom.
 40359 | D:13     | Found a shimmering altar of Xom.
 40362 | D:13     | Found a shimmering altar of Xom.
 41056 | D:13     | Reached skill level 11 in Dodging
 41370 | D:13     | Found Haenn's Distillery.
 41494 | D:13     | Bought a potion of curing for 45 gold pieces
 41494 | D:13     | Bought a potion of curing for 45 gold pieces
 42422 | D:13     | Reached skill level 16 in Stealth
 42562 | D:13     | Reached skill level 8 in Spellcasting
 43668 | D:13     | HP: 7/77 [vault guard/+1 great mace (24)]
 43679 | D:13     | HP: 8/77 [vault guard/+1 great mace (3)]
 43687 | D:13     | HP: 15/77 [vault guard/+2 war axe (11)]
 43688 | D:13     | HP: 5/77 [vault guard/+2 war axe (10)]
 44106 | D:13     | Found a gate to the Vaults.
 44361 | D:14     | Reached skill level 11 in Fighting
 45600 | D:15     | Entered Level 15 of the Dungeon
 45604 | D:14     | Reached XP level 15. HP: 77/82 MP: 23/28
 45642 | D:15     | Found Noch's Weapon Emporium.
 46107 | D:15     | Found Saufaps's Antique Armour Shop.
 46981 | D:15     | Found Heafyver's Book Emporium.
 47008 | D:15     | Learned a level 4 spell: Cause Fear
 47371 | D:15     | Reached skill level 1 in Hexes
 47491 | D:15     | Reached skill level 2 in Hexes
 47657 | D:15     | Found Myoset's General Store.
 47661 | D:15     | Bought a scroll of teleportation for 45 gold pieces
 47673 | D:15     | Reached skill level 3 in Hexes
 47906 | D:15     | Reached skill level 4 in Hexes
 48051 | D:15     | Reached skill level 5 in Hexes
 48210 | D:15     | Found Woelukhlu's General Store.
 48218 | D:15     | Bought a potion of curing for 48 gold pieces
 48218 | D:15     | Bought a scroll of teleportation for 48 gold pieces
 48222 | D:15     | Identified a scroll of acquirement
 48223 | D:15     | Acquired a book of Spatial Translocations
 48323 | D:15     | Reached skill level 6 in Hexes
 48696 | D:15     | Reached skill level 7 in Hexes
 48839 | D:15     | Found a staircase to the Depths.
 49247 | D:11     | Killed Amaemon
 49384 | Snake:1  | Entered Level 1 of the Snake Pit
 49561 | Snake:1  | Reached skill level 8 in Hexes
 49929 | Snake:1  | Reached skill level 9 in Hexes
 50134 | Snake:1  | Noticed Nikola
 50440 | Snake:1  | HP: 20/82 [poisoned by a naga sharpshooter (splash of
                  | poison)]
 51064 | Snake:1  | Found Eratoq's Distillery.
 51072 | Snake:1  | Bought a potion of brilliance for 56 gold pieces
 51072 | Snake:1  | Bought a potion of heal wounds for 70 gold pieces
 51072 | Snake:1  | Bought a potion of curing for 42 gold pieces
 51072 | Snake:1  | Bought a potion of heal wounds for 70 gold pieces
 51072 | Snake:1  | Bought a potion of curing for 42 gold pieces
 51103 | Snake:1  | Reached skill level 10 in Hexes
 51106 | Snake:1  | Identified the +8 orcbow "Odannear" {flame, rElec rC++
                  | Will- Dex+2}
 51728 | Snake:1  | Reached skill level 11 in Hexes
 53160 | Lair:2   | HP: 19/82 [naga warrior/+0 long sword (27)]
 53161 | Lair:2   | Killed from afar by a naga warrior
 53161 | Lair:2   | Lost a life (1 life remaining)
 53492 | Snake:1  | Reached skill level 12 in Hexes
 54643 | Snake:2  | Reached skill level 13 in Hexes
 55367 | Snake:2  | Found Nijon's General Store.
 55369 | Snake:2  | Found Tantoc's Antique Weapon Shoppe.
 55372 | Snake:2  | Found Zezuch's Armour Emporium.
 55375 | Snake:2  | Bought a scroll of teleportation for 42 gold pieces
 55632 | Snake:2  | Found the +3 giant club "Skullcrusher" {speed, Str+7}
 55844 | Snake:2  | Found Eguam's Jewellery Shoppe.
 55901 | Snake:2  | Bought a ring of poison resistance for 300 gold pieces
 55975 | Snake:2  | Reached skill level 14 in Hexes
 56218 | Snake:2  | Noticed a nagaraja
 57401 | Snake:2  | Reached skill level 15 in Hexes
 57502 | Snake:2  | Reached skill level 12 in Dodging
 57502 | Snake:2  | Reached skill level 11 in Earth Magic
 57709 | Snake:2  | Reached XP level 16. HP: 80/87 MP: 13/29
 57709 | Snake:2  | Gained a life (2 lives remaining)
 59779 | Snake:3  | Found Seutuc's Jewellery Shoppe.
 60996 | Snake:3  | Found Ogiunt's Magic Scroll Boutique.
 60998 | Snake:3  | Found Kucvadghi's Book Shoppe.
 61148 | Snake:3  | Bought the ring of the Mage {Wiz Archmagi} for 765 gold
                  | pieces
 61148 | Snake:3  | Found the ring of the Mage {Wiz Archmagi}
 61677 | Snake:3  | Noticed Vashnia
 61754 | Snake:3  | Reached skill level 9 in Spellcasting
 61876 | Snake:3  | Reached skill level 17 in Stealth
 62326 | Snake:3  | Offered knowledge of Freezing Cloud by Vehumet.
 62721 | Snake:3  | Found Lurue's Magic Scroll Shop.
 63584 | Snake:3  | Reached skill level 12 in Earth Magic
 63740 | Snake:3  | HP: 22/88 [poisoned by a naga sharpshooter (splash of
                  | poison)]
 63745 | Snake:3  | HP: 19/88 [poisoned by a naga sharpshooter (splash of
                  | poison)]
 64027 | Snake:3  | Reached skill level 13 in Dodging
 64631 | Snake:4  | Entered Level 4 of the Snake Pit
 64713 | Snake:3  | Learned a level 5 spell: Freezing Cloud
 64956 | Snake:4  | Reached skill level 12 in Fighting
 65257 | Snake:4  | Found a gateway to a bazaar.
 65263 | Bazaar   | Entered a bazaar
 65265 | Bazaar   | Found Gobaalec's Antique Weapon Boutique.
 65308 | Bazaar   | Found Rommion's Distillery.
 65308 | Bazaar   | Found Hujikuoff's Antique Armour Boutique.
 65309 | Bazaar   | Found Ucippy's Antique Armour Boutique.
 65359 | Bazaar   | Bought a potion of brilliance for 36 gold pieces
 65359 | Bazaar   | Bought a potion of brilliance for 36 gold pieces
 65359 | Bazaar   | Bought a potion of mutation for 72 gold pieces
 65359 | Bazaar   | Bought 2 potions of heal wounds for 90 gold pieces
 66909 | Snake:4  | Reached XP level 17. HP: 93/93 MP: 24/31
 67844 | Snake:4  | Identified the +7 longbow of Jeones {speed, Int+2}
 67966 | Snake:4  | HP: 22/93 [naga sharpshooter/arrow (35)]
 67971 | Snake:4  | HP: 10/93 [poisoned by a naga ritualist (toxic radiance)]
 67973 | Snake:4  | Shot with a bolt by a naga sharpshooter
 67973 | Snake:4  | Lost a life (1 life remaining)
 68498 | Snake:4  | Reached skill level 13 in Earth Magic
 68650 | Snake:4  | Reached skill level 18 in Stealth
 69424 | Snake:4  | Noticed a quicksilver dragon
 69480 | Snake:4  | Learned a level 1 spell: Apportation
 69568 | Snake:4  | Reached skill level 10 in Spellcasting
 69573 | Snake:4  | HP: 20/94 [shock serpent (10)]
 69573 | Snake:4  | HP: 8/94 [shock serpent (12)]
 69576 | Snake:4  | Reached skill level 14 in Dodging
 69996 | Snake:4  | Got a serpentine rune of Zot
 70313 | Snake:3  | Bought a scroll of amnesia for 60 gold pieces
 70340 | Snake:3  | Bought 2 scrolls of amnesia for 112 gold pieces
 70349 | Snake:3  | Learned a level 7 spell: Enfeeble
 70495 | Shoals:1 | Entered Level 1 of the Shoals
 70847 | Shoals:1 | Offered knowledge of Ozocubu's Refrigeration by Vehumet.
 71484 | Shoals:1 | Noticed Jorgrun
 71975 | Shoals:1 | Noticed a kraken
 72011 | Shoals:1 | Killed a kraken
 72627 | Shoals:2 | Noticed Roxanne
 72669 | Shoals:2 | Killed Roxanne
 73500 | Shoals:2 | Noticed a kraken
 73867 | Shoals:1 | Killed Jorgrun
 74124 | Shoals:2 | Noticed a kraken
 74186 | Shoals:2 | Killed a kraken
 74730 | Shoals:1 | Reached skill level 13 in Fighting
 75538 | Shoals:2 | Noticed a kraken
 75569 | Shoals:2 | Reached skill level 14 in Earth Magic
 75670 | Shoals:2 | Found the +2 cloak of the Thief {*Fog Slay-2 SInv Stlth+}
 75688 | Shoals:2 | Noticed a kraken
 77146 | Shoals:2 | Reached XP level 18. HP: 73/100 MP: 19/33
 77146 | Shoals:2 | Gained a life (2 lives remaining)
 77699 | Shoals:2 | Reached skill level 15 in Dodging
 78824 | Shoals:3 | Reached skill level 19 in Stealth
 78824 | Shoals:3 | Reached skill level 11 in Conjurations
 79885 | Shoals:3 | Identified the ring of Ucetous {rCorr AC+4 Int-3 Stlth+}
 80114 | Shoals:4 | Entered Level 4 of the Shoals
 81270 | Shoals:4 | Offered knowledge of Orb of Destruction by Vehumet.
 81271 | Shoals:4 | Reached skill level 11 in Spellcasting
 83338 | Shoals:4 | Got a barnacled rune of Zot
 84033 | Shoals:4 | Reached skill level 15 in Earth Magic
 84874 | Lair:3   | Identified the +10 spear "Angouk" {venom, rF+ rC+ Dex+2}
 85220 | D:10     | Killed Caerwyn's ghost
 85533 | D:3      | Killed kasel's ghost
 85899 | Orc:2    | Killed Donald
 86294 | Orc:2    | Found the +10 tower shield of Ignorance {rN+ Int-4}
 86300 | Orc:2    | Found a runed translucent door.
 86417 | Orc:2    | Found a staircase to the Elven Halls.
 86900 | Orc:2    | Found Yginuiram's Jewellery Emporium.
 87023 | Orc:2    | Found Qerim's Antique Armour Shop.
 87025 | Orc:2    | Found Wiarhiyx's Antique Weapon Boutique.
 87852 | Orc:2    | Upgraded the game from 0.31-a0-1626-g5cb510d to
                  | 0.31-a0-1628-gdde2bdd
 87857 | Orc:2    | Learned a level 4 spell: Passage of Golubria
 87950 | Vaults:1 | Entered Level 1 of the Vaults
 87959 | Vaults:1 | Reached skill level 2 in Translocations
 88262 | Vaults:1 | Reached skill level 3 in Translocations
 88330 | Vaults:1 | Noticed Gawed's ghost (adept KoFi)
 88331 | Vaults:1 | Noticed Superstore's ghost (adept MiFi)
 88339 | Vaults:1 | Noticed Innyits's ghost (adept DjAE)
 88350 | Vaults:1 | Found a transporter.
 88351 | Vaults:1 | Noticed a golden dragon
 88476 | Vaults:1 | Reached skill level 4 in Translocations
 88552 | Vaults:1 | Offered knowledge of Starburst by Vehumet.
 88695 | Vaults:1 | Identified the +1 long sword of the Other Side {elec, rN+
                  | Str+4 Int-2 SInv}
 88725 | Vaults:1 | Reached XP level 19. HP: 86/105 MP: 1/35
 88901 | Vaults:1 | Reached skill level 16 in Dodging
 89738 | Vaults:1 | Reached skill level 14 in Fighting
 90843 | Vaults:1 | Found a transporter.
 91653 | Vaults:1 | Found a portal to a secret trove of treasure.
 91921 | Vaults:1 | Reached skill level 20 in Stealth
 91968 | Vaults:1 | Found Atwyih's Antique Armour Emporium.
 92151 | Vaults:2 | Noticed Margery
 92152 | Vaults:2 | Noticed a hellephant
 92832 | Vaults:2 | Killed Margery
 93139 | Vaults:2 | Offered knowledge of Lehudib's Crystal Spear by Vehumet.
 93214 | Vaults:2 | Found a staircase to the Crypt.
 93275 | Vaults:1 | Learned a level 8 spell: Lehudib's Crystal Spear
 94067 | Vaults:2 | Paralysed by a formless jellyfish for 1 turns
 94650 | Vaults:2 | Reached skill level 12 in Conjurations
 95007 | Vaults:2 | Killed a hellephant
 95258 | Vaults:2 | Reached skill level 6 in Evocations
 96013 | Vaults:2 | Noticed an entropy weaver
 96016 | Vaults:2 | Killed an entropy weaver
 96622 | Vaults:2 | Reached skill level 16 in Earth Magic
 97390 | Vaults:2 | Reached skill level 12 in Spellcasting
 99156 | Vaults:3 | Reached XP level 20. HP: 112/112 MP: 30/37
 99624 | Vaults:3 | Reached skill level 17 in Dodging
100559 | Vaults:3 | Reached skill level 7 in Evocations
102171 | Vaults:3 | Found Yhirgh's Armour Shoppe.
103777 | Vaults:4 | Reached skill level 21 in Stealth
104148 | Vaults:4 | Identified the death talisman of Quiran {rC+ Str+8}
104360 | Vaults:4 | Found Edivor's Antique Armour Shoppe.
105144 | Vaults:4 | Noticed Xtahua
105687 | Vaults:4 | Reached skill level 15 in Fighting
105911 | Vaults:4 | Paralysed by a formless jellyfish for 1 turns
107172 | Vaults:4 | HP: 22/113 [deep troll[an ironbound preserver] (19)]
107555 | Vaults:4 | Killed Xtahua
107798 | Vaults:4 | Reached skill level 8 in Evocations
108114 | Depths:1 | Entered Level 1 of the Depths
108304 | Depths:1 | Reached skill level 17 in Earth Magic
108485 | Depths:1 | Found a radiant altar of Vehumet.
109251 | Depths:1 | Found a gateway to Hell.
109718 | Depths:1 | Found a one-way gateway to a ziggurat.
110017 | Depths:1 | Found a one-way gate leading to the halls of Pandemonium.
110749 | Depths:1 | Found a glowing golden altar of the Shining One.
110819 | Depths:2 | Noticed a lich
110824 | Depths:2 | Killed a lich
111037 | Depths:2 | Reached XP level 21. HP: 117/117 MP: 28/38
111414 | Depths:2 | Reached skill level 13 in Conjurations
111741 | Depths:2 | Reached ****** piety under Vehumet
111742 | Depths:2 | Reached skill level 18 in Dodging
112066 | Depths:2 | Noticed a juggernaut
112580 | Depths:2 | Found a one-way gate to the infinite horrors of the Abyss.
112596 | Depths:2 | Reached skill level 13 in Spellcasting
112807 | Depths:2 | Identified the +0 chain mail of Resonance {-Cast Harm rElec
                  | Stlth+}
112919 | Depths:2 | Identified the +6 scale mail of the Intense Stallion {rPois
                  | rN+++ Will- Dex-4}
112929 | Depths:2 | Identified the ring "Gonudel" {rN+ Dex+6 Slay+2}
112941 | Depths:2 | Reached skill level 9 in Evocations
113097 | Depths:2 | Found Kufet's Book Boutique.
113098 | Depths:2 | Found Inuakhlu's Jewellery Shoppe.
113098 | Depths:2 | Found Acrefots's Jewellery Shoppe.
113126 | Depths:2 | Killed a juggernaut
114532 | Depths:3 | Reached skill level 22 in Stealth
115936 | Depths:3 | HP: 11/117 [spriggan defender/+4 rapier of venom (23)]
115945 | Depths:3 | Noticed a juggernaut
115945 | Depths:3 | Noticed a caustic shrike
115945 | Depths:3 | Noticed a caustic shrike
115945 | Depths:3 | Noticed a caustic shrike
115945 | Depths:3 | Noticed a golden dragon
115946 | Depths:3 | HP: 2/117 [caustic shrike (13)]
115946 | Depths:3 | Splashed by a caustic shrike's acid
115946 | Depths:3 | Lost a life (1 life remaining)
116016 | Depths:2 | HP: 27/117 [poisoned by a spriggan defender]
116021 | Depths:2 | HP: 22/117 [poisoned by a spriggan defender]
116702 | Depths:3 | Killed a caustic shrike
116896 | Depths:3 | Killed a caustic shrike
117154 | Depths:3 | Killed a caustic shrike
117155 | Depths:3 | Reached skill level 18 in Earth Magic
117297 | Depths:3 | Killed a juggernaut
118099 | Depths:3 | Offered knowledge of Fire Storm by Vehumet.
118099 | Depths:3 | Offered knowledge of Shatter by Vehumet.
118099 | Depths:3 | Offered knowledge of Polar Vortex by Vehumet.
118115 | Depths:2 | Learned a level 9 spell: Shatter
118175 | Depths:3 | Upgraded the game from 0.31-a0-1628-gdde2bdd to
                  | 0.32-a0-2-g0d8cb65
118701 | Depths:3 | Reached skill level 10 in Evocations
119059 | Depths:4 | Entered Level 4 of the Depths
119178 | Depths:4 | Found a blossoming altar of Fedhas.
119423 | Depths:4 | Found a white marble altar of Elyvilon.
119501 | Depths:4 | Reached XP level 22. HP: 122/122 MP: 23/40
119501 | Depths:4 | Gained a life (2 lives remaining)
120098 | Depths:4 | HP: 28/122 [poisoned by something (poison gas)]
120103 | Depths:4 | HP: 15/122 [poisoned by a green draconian (poison gas)]
120583 | Depths:4 | HP: 18/122 [spark wasp (15)]
120851 | Depths:3 | Killed a golden dragon
120852 | Depths:3 | Reached skill level 19 in Dodging
121332 | Depths:4 | Reached skill level 1 in Shapeshifting
121467 | Depths:4 | Noticed a golden dragon
121471 | Depths:4 | Killed a golden dragon
121472 | Depths:4 | Reached skill level 2 in Shapeshifting
121784 | Depths:4 | Found a gate to the Realm of Zot.
121796 | Depths:4 | Reached skill level 3 in Shapeshifting
122936 | Slime:1  | Entered Level 1 of the Pits of Slime
123895 | Slime:2  | Reached skill level 14 in Spellcasting
124479 | Slime:3  | Paralysed by a formless jellyfish for 1 turns
125249 | Slime:3  | Reached skill level 4 in Shapeshifting
125287 | Slime:5  | Entered Level 5 of the Pits of Slime
125379 | Slime:4  | Learned a level 5 spell: Yara's Violent Unravelling
126051 | Slime:3  | Reached skill level 5 in Shapeshifting
127255 | Slime:4  | Reached skill level 6 in Shapeshifting
128043 | Slime:5  | Noticed the Royal Jelly
128131 | Slime:5  | Reached skill level 7 in Shapeshifting
128520 | Slime:5  | Gained mutation: You are vulnerable to heat. (rF-) [a
                  | shining eye]
128545 | Slime:5  | Lost mutation: You are vulnerable to heat. (rF-) [potion of
                  | mutation]
128545 | Slime:5  | Gained mutation: Your system is resistant to poisons.
                  | (rPois) [potion of mutation]
128545 | Slime:5  | Gained mutation: You are somewhat resistant to further
                  | mutation. [potion of mutation]
128545 | Slime:5  | Gained mutation: You passively map a small area around you.
                  | [potion of mutation]
128606 | Slime:5  | Found a viscous altar of Jiyva.
129618 | Slime:5  | Reached skill level 8 in Shapeshifting
129976 | Slime:5  | Got a slimy rune of Zot
130076 | Slime:5  | Identified the amulet "Nont" {Faith rC+ Stlth+}
130090 | Slime:5  | Got Rampodod's Quarto of Calefaction and the Fifth Circle
131589 | Slime:5  | Identified the +1 eveningstar of Calculation {freeze, Str+8
                  | Int-4 Stlth+}
131639 | Slime:4  | Acquired 433 gold pieces
131810 | Snake:1  | Bought 2 potions of invisibility for 224 gold pieces
131810 | Snake:1  | Bought 3 potions of mutation for 336 gold pieces
131810 | Snake:1  | Bought a potion of mutation for 112 gold pieces
131866 | Snake:3  | Bought a book of the Warp for 672 gold pieces
132153 | D:13     | Bought a potion of mutation for 120 gold pieces
132153 | D:13     | Bought a potion of lignification for 45 gold pieces
132332 | Vaults:5 | Entered Level 5 of the Vaults
132334 | Vaults:5 | Reached skill level 9 in Shapeshifting
132337 | Vaults:5 | Noticed a deep elf demonologist
132346 | Vaults:5 | Reached XP level 23. HP: 126/126 MP: 29/42
132361 | Vaults:5 | Reached skill level 10 in Shapeshifting
132673 | Vaults:5 | Noticed a deep elf sorcerer
132675 | Vaults:5 | Killed a deep elf sorcerer
132856 | Vaults:5 | Shot with a bolt by a yaktaur captain
132856 | Vaults:5 | Lost a life (1 life remaining)
132972 | Vaults:5 | Got a silver rune of Zot
132984 | Vaults:5 | Noticed a dread lich
132988 | Vaults:5 | Killed a dread lich
133032 | Vaults:5 | Reached skill level 11 in Shapeshifting
133243 | Vaults:5 | Noticed a dread lich
133243 | Vaults:5 | HP: 23/126 [yaktaur captain/sling bullet (33)]
133669 | Vaults:5 | Killed a dread lich
133670 | Vaults:5 | Reached skill level 12 in Shapeshifting
134149 | Vaults:5 | Killed a deep elf demonologist
134253 | Vaults:5 | Noticed a deep elf demonologist
134254 | Vaults:5 | Noticed a deep elf sorcerer
134269 | Vaults:5 | Killed a deep elf sorcerer
134985 | Vaults:5 | Reached skill level 13 in Shapeshifting
135322 | Vaults:5 | Killed a deep elf demonologist
135792 | Vaults:5 | Identified the +0 shortbow of the Grave {flame, *Slow rF+
                  | rN++ Str+2}
137487 | Elf:1    | Entered Level 1 of the Elven Halls
137796 | Elf:1    | Reached skill level 14 in Shapeshifting
137826 | Elf:1    | Found Ceudgh's Magic Scroll Shop.
138084 | Elf:1    | Bought a scroll of teleportation for 36 gold pieces
138084 | Elf:1    | Bought a scroll of amnesia for 48 gold pieces
138191 | Elf:1    | Noticed a deep elf sorcerer
138193 | Elf:1    | Killed a deep elf sorcerer
139948 | Elf:2    | Reached skill level 15 in Shapeshifting
139950 | Elf:2    | Reached XP level 24. HP: 131/131 MP: 19/42
139950 | Elf:2    | Gained a life (2 lives remaining)
140734 | Elf:2    | Found a runed translucent gate.
140735 | Elf:2    | Found a runed translucent gate.
140735 | Elf:2    | Found a runed translucent gate.
140896 | Elf:3    | Entered Level 3 of the Elven Halls
141381 | Elf:3    | Noticed a deep elf sorcerer
141425 | Elf:3    | Killed a deep elf sorcerer
141563 | Elf:3    | Found Yzxeraz's Antique Armour Boutique.
141839 | Elf:3    | Noticed a deep elf demonologist
141840 | Elf:3    | Killed a deep elf demonologist
141915 | Elf:3    | Noticed a deep elf demonologist
141917 | Elf:3    | Killed a deep elf demonologist
141918 | Elf:3    | Killed a deep elf demonologist
141919 | Elf:3    | Reached skill level 16 in Shapeshifting
141919 | Elf:3    | Noticed a deep elf sorcerer
141920 | Elf:3    | Killed a deep elf sorcerer
141920 | Elf:3    | Noticed a deep elf sorcerer
141920 | Elf:3    | Noticed a deep elf demonologist
141921 | Elf:3    | Killed a deep elf sorcerer
141921 | Elf:3    | Noticed a deep elf demonologist
141922 | Elf:3    | Killed a deep elf demonologist
141922 | Elf:3    | Killed a deep elf demonologist
141923 | Elf:3    | Noticed a Brimstone Fiend
141924 | Elf:3    | Killed a ghostly deep elf demonologist
141924 | Elf:3    | Noticed a deep elf sorcerer
142459 | Elf:3    | Identified the amulet "Caneirph" {Reflect rN+ SH+5}
142459 | Elf:3    | Noticed a deep elf sorcerer
142461 | Elf:3    | Killed a deep elf sorcerer
142554 | Elf:3    | Identified the +9 halberd "Ythry" {vamp, *Slow rF+ Int+8
                  | Stlth-}
142556 | Elf:3    | Identified the +6 falchion of Defence {flame, rPois Str+7
                  | Int-4}
142556 | Elf:3    | Identified the ring of Rodeigucw {rF+ rCorr EV+5 Stlth+}
142660 | Elf:3    | Acquired a book of Spectacle
142744 | Elf:3    | Identified the ring "Ynogeom" {MP+9 Str-4 Int+6 Stlth+}
142788 | Elf:3    | Reached skill level 14 in Conjurations
142788 | Elf:3    | Reached XP level 25. HP: 136/136 MP: 42/42
142873 | Elf:3    | Killed a deep elf sorcerer
143318 | Crypt:1  | Entered Level 1 of the Crypt
143695 | Crypt:1  | Reached skill level 1 in Unarmed Combat
143812 | Crypt:1  | Reached skill level 2 in Unarmed Combat
144087 | Crypt:1  | Reached skill level 3 in Unarmed Combat
144322 | Crypt:1  | Reached skill level 4 in Unarmed Combat
144840 | Crypt:2  | Reached skill level 5 in Unarmed Combat
144847 | Crypt:2  | Reached skill level 6 in Unarmed Combat
144965 | Crypt:2  | Noticed a curse skull
144968 | Crypt:2  | Killed a curse skull
145142 | Crypt:2  | Reached skill level 7 in Unarmed Combat
145664 | Crypt:2  | Reached skill level 8 in Unarmed Combat
146202 | Crypt:3  | Entered Level 3 of the Crypt
146204 | Crypt:3  | Noticed a dread lich
146204 | Crypt:3  | Noticed an ancient lich
146206 | Crypt:3  | Killed an ancient lich
146207 | Crypt:3  | Killed a dread lich
146208 | Crypt:3  | Reached skill level 9 in Unarmed Combat
146459 | Crypt:3  | Noticed a curse skull
146464 | Crypt:3  | Killed a curse skull
146672 | Crypt:3  | Reached skill level 10 in Unarmed Combat
146978 | Crypt:3  | Reached skill level 23 in Stealth
147125 | Crypt:3  | Noticed a curse skull
147129 | Crypt:3  | Killed a curse skull
147129 | Crypt:3  | Noticed a curse skull
147131 | Crypt:3  | Killed a curse skull
147399 | Crypt:3  | Found the +3 robe of Clouds {*Thunder rCloud rElec}
147404 | Crypt:3  | Noticed a lich
147404 | Crypt:3  | Noticed a dread lich
147406 | Crypt:3  | Killed a dread lich
147406 | Crypt:3  | Killed a lich
147407 | Crypt:3  | Reached XP level 26. HP: 141/141 MP: 38/42
147415 | Crypt:3  | Reached skill level 15 in Spellcasting
147602 | Crypt:3  | Found a staircase to the Tomb.
147720 | Crypt:3  | Learned a level 6 spell: Dispersal
148075 | Zot:1    | Entered Level 1 of the Realm of Zot
148086 | Zot:1    | Reached skill level 5 in Translocations
148088 | Zot:1    | Reached skill level 6 in Translocations
148183 | Depths:4 | Reached skill level 7 in Translocations
148229 | Zot:1    | Reached skill level 8 in Translocations
148382 | Zot:1    | Reached skill level 19 in Earth Magic
149274 | Zot:1    | Noticed an orb of fire
149831 | Zot:1    | Reached skill level 20 in Dodging
149837 | Zot:1    | Identified the +0 helmet of Death's Door {rElec rF+++
                  | Dex-4}
150180 | Zot:2    | Reached skill level 16 in Fighting
150189 | Zot:2    | Noticed Parghit
150192 | Zot:2    | Killed Parghit
150471 | Zot:2    | Noticed a curse toe
150536 | Zot:1    | Killed a curse toe
152347 | Zot:2    | Reached skill level 24 in Stealth
152599 | Zot:3    | Reached skill level 15 in Conjurations
152762 | Zot:3    | Reached skill level 20 in Earth Magic
153373 | Zot:3    | Reached XP level 27. HP: 149/149 MP: 31/43
153600 | Zot:3    | Reached skill level 21 in Dodging
154127 | Zot:3    | Reached skill level 16 in Spellcasting
154236 | Zot:3    | Upgraded the game from 0.32-a0-2-g0d8cb65 to
                  | 0.32-a0-4-g72778bb
154664 | Zot:4    | Reached skill level 17 in Fighting
155589 | Zot:4    | Reached skill level 25 in Stealth
156022 | Zot:5    | Entered Level 5 of the Realm of Zot
156044 | Zot:5    | Noticed a curse toe
156049 | Zot:5    | Killed a curse toe
156153 | Zot:5    | Reached skill level 21 in Earth Magic
156569 | Zot:5    | Found Cihelub's Changing Room.
156593 | Zot:5    | Bought a potion of mutation for 112 gold pieces
156796 | Zot:5    | Noticed an ancient lich
156799 | Zot:5    | Killed an ancient lich
156800 | Zot:5    | Reached skill level 22 in Dodging
156868 | Zot:5    | Noticed a curse toe
156870 | Zot:5    | Noticed an ancient lich
156872 | Zot:5    | Killed a curse toe
156873 | Zot:5    | Killed an ancient lich
156881 | Zot:5    | Noticed an orb of fire
156885 | Zot:5    | Gained mutation: You occasionally lose the ability to drink
                  | potions when taking damage. [an orb of fire]
156888 | Zot:5    | Killed an orb of fire
157113 | Zot:5    | Noticed an ancient lich
157117 | Zot:5    | Killed an ancient lich
157248 | Zot:5    | Noticed an orb of fire
157257 | Zot:5    | Killed an orb of fire
157309 | Zot:5    | Noticed a dread lich
157340 | Zot:5    | Killed a dread lich
157340 | Zot:5    | Noticed a curse toe
157442 | Zot:5    | Noticed an orb of fire
157446 | Zot:5    | Killed an orb of fire
157447 | Zot:5    | Reached skill level 18 in Fighting
157447 | Zot:5    | Noticed an ancient lich
157449 | Zot:5    | Killed an ancient lich
157450 | Zot:5    | Reached skill level 26 in Stealth
157460 | Zot:5    | Reached skill level 22 in Earth Magic
157862 | Zot:4    | Reached skill level 23 in Dodging
157952 | Zot:4    | Killed a curse toe
158392 | Hell     | Entered the Vestibule of Hell
158393 | Hell     | Noticed Geryon
158522 | Hell     | Found a gateway to the freezing wastes of Cocytus.
158578 | Hell     | Found a gateway to the decaying netherworld of Tartarus.
158599 | Hell     | Killed Geryon
158780 | Hell     | Found a gateway to the ashen valley of Gehenna.
158866 | Hell     | Found a gateway to the Iron City of Dis.
159078 | Depths:2 | Voluntarily entered the Abyss.
159674 | Abyss:3  | Reached skill level 27 in Stealth
159730 | Abyss:3  | Reached skill level 19 in Fighting
159739 | Abyss:3  | Got an abyssal rune of Zot
159739 | Abyss:3  | HP: 48/200 [ghost crab] (12)]
159745 | Depths:2 | Escaped the Abyss
160024 | Geh:1    | Entered Level 1 of Gehenna
160124 | Geh:1    | Reached skill level 24 in Dodging
160152 | Geh:1    | Noticed an ancient lich
160155 | Geh:1    | Killed an ancient lich
161472 | Geh:5    | Noticed a Brimstone Fiend
161472 | Geh:5    | Noticed a Brimstone Fiend
161475 | Geh:5    | Killed a Brimstone Fiend
161480 | Hell     | Killed a Brimstone Fiend
161481 | Hell     | Reached skill level 23 in Earth Magic
162017 | Geh:6    | Noticed a Brimstone Fiend
162021 | Geh:6    | Killed a Brimstone Fiend
162025 | Geh:6    | Reached skill level 20 in Fighting
162025 | Geh:6    | Reached skill level 25 in Dodging
162291 | Geh:7    | Entered Level 7 of Gehenna
162523 | Depths:3 | Voluntarily entered the Abyss.
162632 | Abyss:3  | Noticed a lich
162636 | Abyss:3  | Killed a lich
162782 | Depths:3 | Escaped the Abyss
163155 | Geh:7    | Noticed a Brimstone Fiend
163158 | Geh:7    | Killed a Brimstone Fiend
163159 | Geh:7    | Reached skill level 26 in Dodging
163757 | Geh:7    | Noticed a Brimstone Fiend
163931 | Geh:7    | Killed a Brimstone Fiend
164450 | Geh:7    | Reached skill level 27 in Dodging
164760 | Geh:7    | Noticed a Brimstone Fiend
164762 | Geh:7    | Noticed a Brimstone Fiend
164763 | Geh:7    | Killed a Brimstone Fiend
164763 | Geh:7    | Found the +13 sceptre of Asmodeus
164763 | Geh:7    | Noticed Asmodeus
164792 | Geh:7    | Noticed a Brimstone Fiend
164796 | Geh:7    | Noticed a Brimstone Fiend
164801 | Geh:7    | HP: 26/202 [Brimstone Fiend/damnation (29)]
164801 | Geh:7    | Killed from afar by a Brimstone Fiend
164801 | Geh:7    | Lost a life (1 life remaining)
164808 | Geh:7    | Killed a Brimstone Fiend
164820 | Geh:7    | Killed a Brimstone Fiend
164821 | Geh:7    | Reached skill level 11 in Evocations
164896 | Geh:7    | Noticed a Brimstone Fiend
165043 | Geh:7    | Learned a level 1 spell: Apportation
165047 | Geh:7    | Learned a level 3 spell: Swiftness
165068 | Geh:7    | Killed a Brimstone Fiend
165069 | Geh:7    | Reached skill level 1 in Air Magic
165198 | Geh:7    | Noticed a Brimstone Fiend
165202 | Geh:7    | Killed a Brimstone Fiend
165203 | Geh:7    | Reached skill level 2 in Air Magic
165282 | Geh:7    | Got an obsidian rune of Zot
165368 | Geh:7    | Noticed a Brimstone Fiend
165598 | Geh:7    | Reached skill level 3 in Air Magic
165723 | Geh:7    | Killed a Brimstone Fiend
165898 | Geh:7    | HP: 46/202 [Asmodeus/the +13 sceptre of Asmodeus (29)]
165908 | Geh:7    | HP: 41/202 [balrug/divine providence[Asmodeus] (14)]
165913 | Geh:7    | HP: 41/202 [fire giant/fireball (3)]
166123 | Tar:1    | Entered Level 1 of Tartarus
166127 | Tar:1    | Reached skill level 4 in Air Magic
166133 | Hell     | Noticed a Tzitzimitl
166135 | Hell     | Killed a Tzitzimitl
166528 | Tar:2    | Reached skill level 12 in Evocations
166530 | Tar:2    | Reached skill level 1 in Necromancy
166552 | Tar:2    | Reached skill level 2 in Necromancy
167161 | Tar:3    | Reached skill level 13 in Evocations
167478 | Tar:4    | Noticed a Tzitzimitl
167481 | Tar:4    | Killed a Tzitzimitl
167615 | Tar:4    | Noticed an ancient lich
167655 | Tar:4    | Reached skill level 14 in Evocations
167657 | Tar:4    | Killed an ancient lich
167809 | Tar:5    | Noticed a Tzitzimitl
167812 | Tar:5    | Noticed a Tzitzimitl
167820 | Hell     | Killed a Tzitzimitl
167821 | Hell     | Reached skill level 15 in Evocations
168033 | Tar:5    | Killed a Tzitzimitl
168034 | Tar:5    | Reached skill level 3 in Necromancy
168049 | Tar:5    | HP: 43/185 [tainted leviathan (20)]
168052 | Tar:5    | HP: 21/185 [tainted leviathan (5)]
168061 | Tar:5    | HP: 25/185 [spectral caustic shrike (15)]
168068 | Tar:5    | Reached skill level 4 in Necromancy
168481 | Tar:6    | Reached skill level 5 in Necromancy
168649 | Tar:6    | Reached skill level 6 in Necromancy
168944 | Tar:6    | Reached skill level 7 in Necromancy
168971 | Tar:7    | Entered Level 7 of Tartarus
168983 | Tar:7    | Noticed a Tzitzimitl
168984 | Tar:7    | Noticed an ancient lich
169800 | Depths:2 | Voluntarily entered the Abyss.
169817 | Abyss:3  | Noticed a lich
169825 | Abyss:3  | Killed a lich
169826 | Abyss:3  | Reached skill level 8 in Necromancy
169923 | Abyss:3  | Reached skill level 9 in Necromancy
169949 | Depths:2 | Escaped the Abyss
170241 | Tar:7    | Killed an ancient lich
170242 | Tar:7    | Reached skill level 10 in Necromancy
170242 | Tar:7    | Gained a life (2 lives remaining)
170243 | Tar:7    | Killed a Tzitzimitl
170247 | Hell     | Noticed a Tzitzimitl
170247 | Hell     | HP: 49/202 [profane servitor/+1 whip (3)]
170252 | Hell     | HP: 43/202 [???[a doom hound] (9)]
170258 | Hell     | HP: 27/202 [profane servitor/+1 whip (8)]
170264 | Hell     | HP: 15/202 [???[a doom hound] (2)]
170269 | Hell     | HP: 16/202 [???[a doom hound] (3)]
170274 | Hell     | HP: 16/202 [???[a doom hound] (3)]
170637 | Hell     | Killed a Tzitzimitl
170790 | Tar:7    | Reached skill level 11 in Necromancy
170806 | Hell     | Learned a level 3 spell: Fugue of the Fallen
170979 | Depths:2 | Voluntarily entered the Abyss.
171089 | Abyss:3  | Noticed a lich
171091 | Abyss:3  | Killed a lich
171111 | Abyss:3  | Reached skill level 12 in Necromancy
171186 | Depths:2 | Escaped the Abyss
171391 | Tar:7    | Noticed an ancient lich
171393 | Tar:7    | Killed an ancient lich
171394 | Tar:7    | Reached skill level 13 in Necromancy
171764 | Tar:7    | Got the Omnibus of Impure Jinxing
171987 | Tar:7    | Noticed a Tzitzimitl
171989 | Tar:7    | Noticed an ancient lich
171992 | Tar:7    | Killed an ancient lich
171993 | Tar:7    | Reached skill level 14 in Necromancy
171997 | Tar:7    | Killed a Tzitzimitl
172163 | Tar:7    | Noticed a Tzitzimitl
172168 | Tar:7    | Noticed Ereshkigal
172176 | Tar:7    | Noticed a Tzitzimitl
172180 | Tar:7    | Noticed a Tzitzimitl
172257 | Tar:7    | Got a bone rune of Zot
172390 | Pan      | Entered Pandemonium
172854 | Pan      | Found a transporter.
172886 | Pan      | Gained mutation: Potions are less effective at restoring
                  | your health. [a neqoxec]
173091 | Pan      | Found a transporter.
173596 | Pan      | Reached skill level 15 in Necromancy
174704 | Pan      | Noticed a Tzitzimitl
174732 | Pan      | Killed a Tzitzimitl
174767 | Pan      | Reached skill level 16 in Necromancy
174872 | Pan      | Identified the amulet "Eppighuagh" {RegenMP rC+ Str+3}
174884 | Pan      | Identified the ring of Cidieci {Wiz rElec Slay+3 Stlth-}
174991 | Pan      | Noticed Nezy the pandemonium lord
175274 | Pan      | Killed Nezy the pandemonium lord
175759 | Pan      | Reached skill level 17 in Necromancy
176696 | Pan      | Reached skill level 18 in Necromancy
176964 | Pan      | Noticed Roatukirph the pandemonium lord
176972 | Pan      | Killed Roatukirph the pandemonium lord
176974 | Pan      | Noticed an Ice Fiend
176983 | Pan      | Killed an Ice Fiend
176990 | Pan      | HP: 45/193 [??? (12)]
177021 | Pan      | Reached skill level 19 in Necromancy
177228 | Pan      | Noticed a Brimstone Fiend
177256 | Pan      | Killed a Brimstone Fiend
177363 | Pan      | Found a runed translucent door.
177539 | Pan      | Noticed an Ice Fiend
177552 | Pan      | Killed an Ice Fiend
178008 | Pan      | Reached skill level 20 in Necromancy
178368 | Pan      | Noticed Licett the pandemonium lord
179318 | Pan      | Gained mutation: You do not regenerate when monsters are
                  | visible. [a neqoxec]
179321 | Pan      | Lost mutation: Potions are less effective at restoring your
                  | health. [potion of mutation]
179321 | Pan      | Lost mutation: You are somewhat resistant to further
                  | mutation. [potion of mutation]
179321 | Pan      | Lost mutation: You do not regenerate when monsters are
                  | visible. [potion of mutation]
179321 | Pan      | Gained mutation: You occasionally lose the ability to read
                  | scrolls when taking damage. [potion of mutation]
179321 | Pan      | Gained mutation: Your health recovers twice as slowly from
                  | being drained. [potion of mutation]
179321 | Pan      | Gained mutation: You are robust. (+10% HP) [potion of
                  | mutation]
179336 | Pan      | Lost mutation: You are robust. (+10% HP) [potion of
                  | mutation]
179336 | Pan      | Lost mutation: You occasionally lose the ability to read
                  | scrolls when taking damage. [potion of mutation]
179336 | Pan      | Gained mutation: You are partially covered in iridescent
                  | scales. (AC +2) [potion of mutation]
179337 | Pan      | Lost mutation: You occasionally lose the ability to drink
                  | potions when taking damage. [potion of mutation]
179337 | Pan      | Lost mutation: Your health recovers twice as slowly from
                  | being drained. [potion of mutation]
179337 | Pan      | Lost mutation: You passively map a small area around you.
                  | [potion of mutation]
179337 | Pan      | Gained mutation: You passively dampen the noise of your
                  | surroundings. [potion of mutation]
179337 | Pan      | Gained mutation: Your spells are a little harder to cast,
                  | but a little more powerful. [potion of mutation]
179370 | Pan      | Got a demonic rune of Zot
179377 | Pan      | Killed Licett the pandemonium lord
179392 | Pan      | Reached skill level 21 in Necromancy
180035 | Pan      | Upgraded the game from 0.32-a0-4-g72778bb to
                  | 0.32-a0-5-gbffa963
180036 | Pan      | Entered the realm of Gloorx Vloq.
180716 | Pan      | Reached skill level 22 in Necromancy
181289 | Pan      | Reached skill level 17 in Spellcasting
181988 | Pan      | Reached skill level 18 in Spellcasting
182003 | Pan      | Learned a level 9 spell: Death's Door
182156 | Pan      | Noticed a curse skull
182157 | Pan      | Killed a curse skull
182159 | Pan      | Noticed a curse skull
182187 | Pan      | Reached skill level 11 in Unarmed Combat
182337 | Pan      | Killed a curse skull
182419 | Pan      | Noticed Gloorx Vloq
182429 | Pan      | Killed Gloorx Vloq
182430 | Pan      | Reached skill level 12 in Unarmed Combat
182544 | Pan      | Got a dark rune of Zot
182670 | Pan      | Gained mutation: Your flesh is cold resistant. (rC+) [a
                  | cacodemon]
182677 | Pan      | Found an exit through the horrors of the Abyss.
182706 | Pan      | Noticed an Ice Fiend
182718 | Pan      | Entered the realm of Cerebov.
183007 | Pan      | Reached skill level 13 in Unarmed Combat
183337 | Pan      | Identified the +8 mace of Muohasch {elec, rF- rC++ Str+4}
183337 | Pan      | Identified the +1 chain mail of Time Monsters {+Blink
                  | Will+}
183407 | Pan      | Reached skill level 14 in Unarmed Combat
183873 | Pan      | Reached skill level 15 in Unarmed Combat
184116 | Pan      | Found an exit through the horrors of the Abyss.
184143 | Pan      | Reached skill level 16 in Hexes
184315 | Pan      | Reached skill level 17 in Hexes
185029 | Pan      | Reached skill level 18 in Hexes
185067 | Pan      | Noticed a Brimstone Fiend
185070 | Pan      | Found the +6 sword of Cerebov {flame}
185070 | Pan      | Noticed Cerebov
185073 | Pan      | Got a fiery rune of Zot
185073 | Pan      | HP: 50/202 [Brimstone Fiend/damnation (46)]
185118 | Pan      | Noticed a Brimstone Fiend
185141 | Pan      | HP: 20/202 [ufetubus[a ynoxinul] (2)]
185162 | Pan      | HP: 34/202 [burnt (2)]
185358 | Pan      | Killed a Brimstone Fiend
185431 | Pan      | Noticed a Brimstone Fiend
185434 | Pan      | Killed a Brimstone Fiend
185479 | Pan      | Found the +6 sword of Cerebov {flame}
185479 | Pan      | Noticed Cerebov
185501 | Pan      | Noticed a Brimstone Fiend
185512 | Pan      | Found an exit through the horrors of the Abyss.
185561 | Pan      | Entered the realm of Lom Lobon.
185575 | Pan      | Found an exit through the horrors of the Abyss.
185749 | Pan      | Noticed Lom Lobon
185757 | Pan      | Reached skill level 19 in Hexes
185759 | Pan      | Got a magical rune of Zot
186372 | Pan      | Reached skill level 20 in Hexes
186789 | Depths:3 | Escaped Pandemonium
186807 | Pan      | Entered Pandemonium
187139 | Pan      | Found a huge runed translucent gate.
187149 | Pan      | Found a huge runed translucent gate.
187150 | Pan      | Found a huge runed translucent gate.
187151 | Pan      | Found a huge runed translucent gate.
187151 | Pan      | Found a huge runed translucent gate.
187152 | Pan      | Found a huge runed translucent gate.
187601 | Pan      | Reached skill level 16 in Conjurations
187623 | Pan      | Found an exit through the horrors of the Abyss.
188018 | Pan      | Found a huge runed translucent gate.
188022 | Pan      | Noticed Bodin the pandemonium lord
188026 | Pan      | Killed Bodin the pandemonium lord
188080 | Pan      | Noticed Lammopaq the pandemonium lord
188087 | Pan      | Killed Lammopaq the pandemonium lord
188152 | Pan      | Reached skill level 17 in Conjurations
188231 | Pan      | Noticed Lom Lobon
188428 | Pan      | Noticed Lom Lobon
188496 | Pan      | Killed Lom Lobon
188498 | Pan      | Found a transporter.
188711 | Pan      | Noticed an Ice Fiend
188713 | Pan      | Noticed a Brimstone Fiend
188715 | Pan      | Noticed a Tzitzimitl
188721 | Pan      | Gained mutation: You sometimes lose your temper in combat.
                  | [a cacodemon]
188725 | Pan      | Reached skill level 18 in Conjurations
188727 | Pan      | Killed an Ice Fiend
188727 | Pan      | Killed a Brimstone Fiend
188730 | Pan      | Killed a Tzitzimitl
188989 | Pan      | Found a transporter.
188997 | Pan      | Identified the ring of Rapsaago {Fly rPois Int+2 Dex+3}
189068 | Pan      | Noticed Wofaoxorph the pandemonium lord
189072 | Pan      | Killed Wofaoxorph the pandemonium lord
189082 | Depths:3 | Escaped Pandemonium
189109 | Pan      | Entered Pandemonium
189135 | Pan      | Reached skill level 19 in Conjurations
189304 | Pan      | Found a huge runed translucent gate.
189343 | Pan      | Found a huge runed translucent gate.
189343 | Pan      | Found a huge runed translucent gate.
189414 | Pan      | Found a huge runed translucent gate.
189414 | Pan      | Found a huge runed translucent gate.
189414 | Pan      | Found a huge runed translucent gate.
189714 | Pan      | Lost mutation: You passively dampen the noise of your
                  | surroundings. [potion of mutation]
189714 | Pan      | Lost mutation: You are partially covered in iridescent
                  | scales. (AC +2) [potion of mutation]
189714 | Pan      | Gained mutation: You are vulnerable to heat. (rF-) [potion
                  | of mutation]
189715 | Pan      | Lost mutation: Your system is resistant to poisons. (rPois)
                  | [potion of mutation]
189715 | Pan      | Lost mutation: Your flesh is cold resistant. (rC+) [potion
                  | of mutation]
189715 | Pan      | Gained mutation: Your muscles are strong. (Str +4, Int/Dex
                  | -1) [potion of mutation]
189715 | Pan      | Gained mutation: You are somewhat resistant to further
                  | mutation. [potion of mutation]
189716 | Pan      | Lost mutation: You are somewhat resistant to further
                  | mutation. [potion of mutation]
189716 | Pan      | Lost mutation: Your muscles are strong. (Str +4, Int/Dex
                  | -1) [potion of mutation]
189716 | Pan      | Lost mutation: Your spells are a little harder to cast, but
                  | a little more powerful. [potion of mutation]
189716 | Pan      | Gained mutation: Your spells are a little easier to cast,
                  | but a little less powerful. [potion of mutation]
189716 | Pan      | Lost mutation: You sometimes lose your temper in combat.
                  | [potion of mutation]
189716 | Pan      | Gained mutation: You are resistant to electric shocks.
                  | (rElec) [potion of mutation]
189717 | Pan      | Lost mutation: Your spells are a little easier to cast, but
                  | a little less powerful. [potion of mutation]
189717 | Pan      | Lost mutation: You are resistant to electric shocks.
                  | (rElec) [potion of mutation]
189717 | Pan      | Gained mutation: You are frail. (-10% HP) [potion of
                  | mutation]
189717 | Pan      | Gained mutation: You are dopey. (Int -2) [potion of
                  | mutation]
189717 | Pan      | Gained mutation: You are occasionally teleported next to
                  | monsters. [potion of mutation]
189717 | Pan      | Gained mutation: You passively map a small area around you.
                  | [potion of mutation]
189718 | Pan      | Lost mutation: You are vulnerable to heat. (rF-) [potion of
                  | mutation]
189718 | Pan      | Lost mutation: You passively map a small area around you.
                  | [potion of mutation]
189718 | Pan      | Gained mutation: You possess an exceptional clarity of
                  | mind. [potion of mutation]
189718 | Pan      | Gained mutation: Your body sometimes deteriorates upon
                  | taking damage. [potion of mutation]
189718 | Pan      | Gained mutation: Your spells are a little harder to cast,
                  | but a little more powerful. [potion of mutation]
189719 | Pan      | Lost mutation: You are frail. (-10% HP) [potion of
                  | mutation]
189719 | Pan      | Lost mutation: Your spells are a little harder to cast, but
                  | a little more powerful. [potion of mutation]
189719 | Pan      | Gained mutation: You occasionally shout uncontrollably at
                  | your foes. [potion of mutation]
189719 | Pan      | Gained mutation: You frequently scream uncontrollably at
                  | your foes. [potion of mutation]
189720 | Pan      | Lost mutation: You are dopey. (Int -2) [potion of mutation]
189720 | Pan      | Lost mutation: Your body sometimes deteriorates upon taking
                  | damage. [potion of mutation]
189720 | Pan      | Lost mutation: You are occasionally teleported next to
                  | monsters. [potion of mutation]
189720 | Pan      | Gained mutation: You are partially covered in large bone
                  | plates. (SH +4) [potion of mutation]
189720 | Pan      | Gained mutation: You expend magic power (3 MP) to
                  | strengthen your wands. [potion of mutation]
190477 | Pan      | Found a huge runed translucent gate.
190534 | Pan      | Noticed Naux Pox the pandemonium lord
190537 | Pan      | Reached skill level 20 in Conjurations
190537 | Pan      | Killed Naux Pox the pandemonium lord
190581 | Pan      | Upgraded the game from 0.32-a0-5-gbffa963 to
                  | 0.32-a0-7-ge934b45
190595 | Pan      | Noticed a Tzitzimitl
190596 | Pan      | Gained mutation: You are weak. (Str -2) [a cacodemon]
190600 | Pan      | Killed a Tzitzimitl
190645 | Pan      | Noticed a Tzitzimitl
190645 | Pan      | HP: 44/202 [smoke demon/divine providence (9)]
190649 | Pan      | Killed a Tzitzimitl
190963 | Pan      | Noticed Vaoseem the pandemonium lord
190967 | Pan      | Killed Vaoseem the pandemonium lord
191208 | Pan      | Entered the realm of Mnoleg.
191219 | Pan      | Gained mutation: Your magical capacity is low. (-10% MP) [a
                  | cacodemon]
191220 | Pan      | Gained mutation: You are clumsy. (Dex -2) [a cacodemon]
191229 | Pan      | Reached skill level 17 in Shapeshifting
191241 | Pan      | Gained mutation: You are very clumsy. (Dex -4) [a neqoxec]
191242 | Pan      | Noticed Mnoleg
191245 | Pan      | HP: 46/202 [Mnoleg (16)]
191251 | Pan      | Killed Mnoleg
191300 | Pan      | HP: 36/202 [protean progenitor (32)]
191303 | Pan      | queze: i think im not playing very well
191325 | Pan      | Got a glowing rune of Zot
191520 | Pan      | Gained mutation: You are dopey. (Int -2) [a shining eye]
191521 | Pan      | Gained mutation: You occasionally lose the ability to drink
                  | potions when taking damage. [a shining eye]
191675 | Pan      | Lost mutation: You are weak. (Str -2) [potion of mutation]
191675 | Pan      | Lost mutation: You are very clumsy. (Dex -4) [potion of
                  | mutation]
191675 | Pan      | Lost mutation: You are partially covered in large bone
                  | plates. (SH +4) [potion of mutation]
191675 | Pan      | Gained mutation: You are partially covered in iridescent
                  | scales. (AC +2) [potion of mutation]
191676 | Pan      | Lost mutation: You are dopey. (Int -2) [potion of mutation]
191676 | Pan      | Lost mutation: You frequently scream uncontrollably at your
                  | foes. [potion of mutation]
191676 | Pan      | Lost mutation: You are partially covered in iridescent
                  | scales. (AC +2) [potion of mutation]
191676 | Pan      | Lost mutation: You occasionally shout uncontrollably at
                  | your foes. [potion of mutation]
191676 | Pan      | Gained mutation: Your mind is acute. (Int +4, Str/Dex -1)
                  | [potion of mutation]
191924 | Pan      | Noticed a Tzitzimitl
191928 | Pan      | Killed a Tzitzimitl
191990 | Pan      | Reached skill level 18 in Shapeshifting
192165 | Pan      | Noticed Gyrro the pandemonium lord
192181 | Pan      | Gained mutation: You are very clumsy. (Dex -4) [a
                  | cacodemon]
192193 | Pan      | Gained mutation: You are frail. (-10% HP) [a cacodemon]
192194 | Pan      | Noticed a Tzitzimitl
192198 | Pan      | Killed a Tzitzimitl
192659 | Pan      | Noticed a Tzitzimitl
192660 | Pan      | Killed a Tzitzimitl
192703 | Pan      | Noticed a Tzitzimitl
192706 | Pan      | Killed a Tzitzimitl
192728 | Pan      | Gained mutation: Your spells are a little easier to cast,
                  | but a little less powerful. [a cacodemon]
192730 | Pan      | Gained mutation: Your health recovers twice as slowly from
                  | being drained. [a cacodemon]
192731 | Pan      | Lost mutation: You possess an exceptional clarity of mind.
                  | [a cacodemon]
192732 | Pan      | Gained mutation: You sometimes lose your temper in combat.
                  | [a cacodemon]
192837 | Pan      | Gained mutation: You do not regenerate when monsters are
                  | visible. [a neqoxec]
192984 | Pan      | Killed Gyrro the pandemonium lord
193245 | Pan      | Gained mutation: Your body sometimes deteriorates upon
                  | taking damage. [a neqoxec]
193604 | Pan      | Noticed a Tzitzimitl
193613 | Pan      | Killed a Tzitzimitl
193642 | Pan      | Noticed a Tzitzimitl
193663 | Pan      | Killed a Tzitzimitl
194109 | Pan      | Noticed Ominesa Meli the pandemonium lord
194110 | Pan      | Reached skill level 19 in Shapeshifting
194110 | Pan      | Noticed a Brimstone Fiend
194110 | Pan      | Noticed an Ice Fiend
194114 | Pan      | Killed a Brimstone Fiend
194114 | Pan      | Killed Ominesa Meli the pandemonium lord
194115 | Pan      | Killed an Ice Fiend
194236 | Pan      | HP: 37/182 [reaper/+0 scythe of venom (10)]
194513 | Pan      | Found an exit through the horrors of the Abyss.
194531 | Pan      | Took an exit into the Abyss.
194531 | Abyss:3  | Escaped into the Abyss
194532 | Abyss:3  | Found a corrupted altar of Lugonu.
194633 | Abyss:3  | Found a corrupted altar of Lugonu.
194638 | Abyss:3  | Noticed a lich
194640 | Abyss:3  | Killed a lich
194650 | Abyss:3  | Found a corrupted altar of Lugonu.
194752 | Abyss:3  | Reached skill level 20 in Shapeshifting
194775 | Depths:3 | Escaped the Abyss
194876 | Depths:3 | Lost mutation: You occasionally lose the ability to drink
                  | potions when taking damage. [potion of mutation]
194876 | Depths:3 | Lost mutation: Your health recovers twice as slowly from
                  | being drained. [potion of mutation]
194876 | Depths:3 | Gained mutation: Potions are less effective at restoring
                  | your health. [potion of mutation]
194877 | Depths:3 | Lost mutation: You are very clumsy. (Dex -4) [potion of
                  | mutation]
194877 | Depths:3 | Lost mutation: Your spells are a little easier to cast, but
                  | a little less powerful. [potion of mutation]
194877 | Depths:3 | Lost mutation: You do not regenerate when monsters are
                  | visible. [potion of mutation]
194877 | Depths:3 | Gained mutation: You are weak. (Str -2) [potion of
                  | mutation]
194877 | Depths:3 | Lost mutation: You are weak. (Str -2) [potion of mutation]
194878 | Depths:3 | Lost mutation: Potions are less effective at restoring your
                  | health. [potion of mutation]
194878 | Depths:3 | Lost mutation: You are frail. (-10% HP) [potion of
                  | mutation]
194878 | Depths:3 | Lost mutation: You expend magic power (3 MP) to strengthen
                  | your wands. [potion of mutation]
194878 | Depths:3 | Gained mutation: You are frail. (-10% HP) [potion of
                  | mutation]
194878 | Depths:3 | Gained mutation: You are very clumsy. (Dex -4) [potion of
                  | mutation]
194879 | Depths:3 | Lost mutation: Your magical capacity is low. (-10% MP)
                  | [potion of mutation]
194879 | Depths:3 | Lost mutation: You are very clumsy. (Dex -4) [potion of
                  | mutation]
194879 | Depths:3 | Lost mutation: You are frail. (-10% HP) [potion of
                  | mutation]
194879 | Depths:3 | Gained mutation: You are partially covered in iridescent
                  | scales. (AC +2) [potion of mutation]
194879 | Depths:3 | Gained mutation: Your flesh is cold resistant. (rC+)
                  | [potion of mutation]
194880 | Depths:3 | Lost mutation: You are partially covered in iridescent
                  | scales. (AC +2) [potion of mutation]
194880 | Depths:3 | Lost mutation: You are clumsy. (Dex -2) [potion of
                  | mutation]
194880 | Depths:3 | Lost mutation: Your mind is acute. (Int +4, Str/Dex -1)
                  | [potion of mutation]
194880 | Depths:3 | Gained mutation: You passively dampen the noise of your
                  | surroundings. [potion of mutation]
194880 | Depths:3 | Lost mutation: You sometimes lose your temper in combat.
                  | [potion of mutation]
195000 | Coc:1    | Entered Level 1 of Cocytus
195281 | Coc:2    | Noticed an ancient lich
195286 | Coc:2    | Killed an ancient lich
196454 | Coc:4    | You fall into a shaft and drop 2 floors!
196460 | Coc:6    | Noticed an Ice Fiend
196463 | Coc:6    | Reached skill level 21 in Fighting
196465 | Coc:6    | Killed an Ice Fiend
196571 | Coc:6    | Noticed an Ice Fiend
196577 | Coc:6    | Killed an Ice Fiend
197009 | Coc:7    | Entered Level 7 of Cocytus
197009 | Coc:7    | Noticed an Ice Fiend
197011 | Coc:7    | Noticed an Ice Fiend
197013 | Coc:7    | Killed an Ice Fiend
197015 | Coc:7    | Reached skill level 21 in Shapeshifting
197016 | Coc:7    | Killed an Ice Fiend
197599 | Coc:5    | Noticed an Ice Fiend
197603 | Coc:5    | Killed an Ice Fiend
197609 | Coc:5    | Noticed an Ice Fiend
197615 | Coc:5    | Killed an Ice Fiend
197893 | Coc:5    | Noticed an Ice Fiend
197965 | Coc:5    | Killed an Ice Fiend
198216 | Coc:7    | Reached skill level 22 in Fighting
198409 | Coc:7    | Noticed an Ice Fiend
198413 | Coc:7    | Killed an Ice Fiend
198483 | Coc:7    | Paralysed by a wendigo for 1 turns
198484 | Coc:7    | Noticed an Ice Fiend
198486 | Coc:7    | Noticed an Ice Fiend
198488 | Coc:7    | Killed an Ice Fiend
198491 | Coc:7    | Killed an Ice Fiend
198492 | Coc:7    | Noticed an Ice Fiend
198498 | Coc:7    | Killed an Ice Fiend
198729 | Coc:7    | Reached skill level 22 in Shapeshifting
198729 | Coc:7    | Noticed an Ice Fiend
198733 | Coc:7    | Killed an Ice Fiend
198736 | Coc:7    | Noticed an Ice Fiend
198748 | Coc:7    | Killed an Ice Fiend
198756 | Coc:7    | HP: 51/209 [??? (14)]
198763 | Coc:7    | HP: 37/209 [??? (9)]
198768 | Coc:7    | Noticed an Ice Fiend
198969 | Coc:7    | Killed an Ice Fiend
199236 | Coc:7    | Noticed an Ice Fiend
199241 | Coc:7    | Killed an Ice Fiend
199543 | Coc:7    | Reached skill level 23 in Shapeshifting
199849 | Coc:7    | Noticed an Ice Fiend
199850 | Coc:7    | Noticed an Ice Fiend
199856 | Coc:7    | Identified the ring of Reistom {rN+ AC+4 Str-2 Dex+3}
199856 | Coc:7    | Noticed Antaeus
199856 | Coc:7    | Noticed an Ice Fiend
199858 | Coc:7    | Killed an Ice Fiend
199864 | Coc:7    | Noticed an Ice Fiend
199867 | Coc:7    | Killed an Ice Fiend
200027 | Coc:7    | Killed an Ice Fiend
200040 | Coc:7    | Got an icy rune of Zot
200112 | Dis:1    | Entered Level 1 of the Iron City of Dis
200112 | Dis:1    | Lost strength.
200597 | Dis:1    | Noticed a dread lich
200598 | Dis:1    | Noticed a dread lich
200598 | Dis:1    | Noticed a dread lich
200599 | Dis:1    | Noticed an ancient lich
200600 | Dis:1    | Killed a dread lich
200600 | Dis:1    | Noticed a dread lich
200601 | Dis:1    | Killed a dread lich
200602 | Dis:1    | Killed an ancient lich
200602 | Dis:1    | Killed a dread lich
200626 | Dis:1    | Killed a dread lich
201056 | Dis:2    | Reached skill level 24 in Shapeshifting
201814 | Dis:5    | Noticed a caustic shrike
201814 | Dis:5    | Noticed a caustic shrike
201816 | Dis:5    | Noticed a caustic shrike
201816 | Dis:5    | Noticed a caustic shrike
201817 | Dis:5    | Noticed a caustic shrike
201832 | Hell     | Killed a caustic shrike
201835 | Hell     | Killed a caustic shrike
201967 | Dis:5    | Noticed a caustic shrike
201970 | Dis:5    | Noticed a caustic shrike
201972 | Dis:5    | Noticed a caustic shrike
201974 | Dis:5    | Killed a caustic shrike
201974 | Dis:5    | Killed a caustic shrike
201974 | Dis:5    | Killed a caustic shrike
201978 | Hell     | Killed a caustic shrike
202272 | Dis:5    | Killed a caustic shrike
202274 | Dis:5    | Killed a caustic shrike
202511 | Dis:6    | Noticed a caustic shrike
202511 | Dis:6    | Noticed a caustic shrike
202512 | Dis:6    | Noticed a caustic shrike
202513 | Dis:6    | Killed a caustic shrike
202514 | Dis:6    | Noticed a caustic shrike
202514 | Dis:6    | Noticed a caustic shrike
202514 | Dis:6    | Noticed a caustic shrike
202515 | Dis:6    | Noticed a caustic shrike
202519 | Hell     | Killed a caustic shrike
202522 | Hell     | Killed a caustic shrike
202707 | Depths:3 | Voluntarily entered the Abyss.
202711 | Abyss:3  | Found a corrupted altar of Lugonu.
202732 | Abyss:3  | Noticed a lich
202735 | Abyss:3  | Killed a lich
202750 | Abyss:3  | Found a corrupted altar of Lugonu.
202808 | Abyss:3  | Found a corrupted altar of Lugonu.
202827 | Abyss:3  | Reached skill level 25 in Shapeshifting
202934 | Abyss:3  | Noticed a lich
202937 | Abyss:3  | Killed a lich
203002 | Abyss:3  | Found a corrupted altar of Lugonu.
203051 | Depths:3 | Escaped the Abyss
203303 | Dis:6    | Noticed a caustic shrike
203305 | Dis:6    | HP: 41/209 [hellion/damnation (42)]
203306 | Dis:6    | HP: 12/209 [acid (9)]
203307 | Dis:6    | Noticed a caustic shrike
203307 | Dis:6    | Killed a caustic shrike
203308 | Dis:6    | Killed a caustic shrike
203309 | Dis:6    | Reached skill level 23 in Necromancy
203313 | Hell     | Killed a caustic shrike
203560 | Vaults:1 | Killed Innyits's ghost
203575 | Vaults:1 | Killed Superstore's ghost
203664 | Vaults:1 | Killed Gawed's ghost
204100 | Dis:6    | Noticed a caustic shrike
204105 | Hell     | Killed a caustic shrike
204107 | Hell     | Killed a caustic shrike
204411 | Dis:6    | Killed a caustic shrike
204413 | Dis:6    | Killed a caustic shrike
204414 | Dis:6    | HP: 35/166 [iron golem[an iron giant] (26)]
204973 | Tomb:1   | Entered Level 1 of the Tomb of the Ancients
205168 | Tomb:1   | Noticed a royal mummy
205168 | Tomb:1   | Noticed a royal mummy
205168 | Tomb:1   | Noticed a royal mummy
205168 | Tomb:1   | Noticed a royal mummy
205170 | Tomb:1   | Reached skill level 24 in Necromancy
205170 | Tomb:1   | Noticed a royal mummy
205171 | Tomb:1   | Killed a royal mummy
205171 | Tomb:1   | Noticed a royal mummy
205172 | Tomb:1   | Killed a royal mummy
205172 | Tomb:1   | Killed a royal mummy
205172 | Tomb:1   | Killed a royal mummy
205172 | Tomb:1   | Noticed a royal mummy
205173 | Tomb:1   | Killed a royal mummy
205174 | Tomb:1   | Killed a royal mummy
205174 | Tomb:1   | HP: 40/209 [sphinx/divine providence (17)]
205175 | Tomb:1   | Killed a royal mummy
205175 | Tomb:1   | HP: 10/209 [something (21)]
205175 | Tomb:1   | Killed from afar by a sphinx
205175 | Tomb:1   | Lost a life (1 life remaining)
206043 | Dis:7    | Entered Level 7 of the Iron City of Dis
206044 | Dis:7    | Noticed a caustic shrike
206051 | Dis:7    | Killed a caustic shrike
206354 | Dis:7    | Noticed a caustic shrike
206356 | Dis:7    | Noticed a caustic shrike
206356 | Dis:7    | Noticed the Serpent of Hell
206695 | Dis:7    | HP: 24/133 [the Serpent of Hell/crystal spear (47)]
206949 | Depths:3 | Voluntarily entered the Abyss.
207025 | Abyss:3  | Gained mutation: You are frail. (-10% HP) [a neqoxec]
207026 | Abyss:3  | Gained mutation: You are very frail. (-20% HP) [a neqoxec]
207026 | Abyss:3  | Gained mutation: Your spells are a little easier to cast,
                  | but a little less powerful. [a neqoxec]
207028 | Abyss:3  | Gained mutation: Your magical capacity is low. (-10% MP) [a
                  | neqoxec]
207085 | Abyss:3  | Reached skill level 25 in Necromancy
207103 | Abyss:3  | Identified the +0 tower shield of Hiewystriba {Rampage
                  | ^Drain rN+ Int+2}
207110 | Depths:3 | Escaped the Abyss
207448 | Depths:3 | Lost mutation: Your magical capacity is low. (-10% MP)
                  | [potion of mutation]
207448 | Depths:3 | Lost mutation: Your flesh is cold resistant. (rC+) [potion
                  | of mutation]
207448 | Depths:3 | Lost mutation: You are very frail. (-20% HP) [potion of
                  | mutation]
207448 | Depths:3 | Gained mutation: Your muscles are strong. (Str +4, Int/Dex
                  | -1) [potion of mutation]
207448 | Depths:3 | Lost mutation: Your body sometimes deteriorates upon taking
                  | damage. [potion of mutation]
207448 | Depths:3 | Gained mutation: You are partially covered in iridescent
                  | scales. (AC +2) [potion of mutation]
207642 | Dis:7    | Killed a caustic shrike
207643 | Dis:7    | Reached skill level 24 in Earth Magic
208368 | Tomb:1   | Noticed a lich
208369 | Tomb:1   | Killed a lich
208399 | Tomb:1   | Noticed a royal mummy
208431 | Tomb:1   | Reached skill level 5 in Air Magic
208633 | Tomb:1   | Noticed a royal mummy
208636 | Tomb:1   | Noticed a royal mummy
208646 | Crypt:3  | Killed a royal mummy
208733 | Tomb:1   | Noticed a royal mummy
208735 | Tomb:1   | Killed a royal mummy
208735 | Tomb:1   | Killed a royal mummy
208736 | Tomb:1   | Reached skill level 6 in Air Magic
208970 | Tomb:1   | Killed a royal mummy
209027 | Tomb:1   | Noticed a royal mummy
209027 | Tomb:1   | Noticed a royal mummy
209030 | Tomb:1   | Killed a royal mummy
209031 | Tomb:1   | Reached skill level 7 in Air Magic
209031 | Tomb:1   | Killed a royal mummy
209035 | Tomb:1   | Noticed a royal mummy
209037 | Tomb:1   | Noticed a royal mummy
209124 | Tomb:1   | Noticed a royal mummy
209127 | Tomb:1   | Killed a royal mummy
209379 | Tomb:1   | Killed a royal mummy
209379 | Tomb:1   | Killed a royal mummy
209380 | Tomb:1   | Reached skill level 8 in Air Magic
209916 | Tomb:1   | Noticed a royal mummy
209918 | Tomb:1   | Noticed a royal mummy
210155 | Tomb:1   | Killed a royal mummy
210156 | Tomb:1   | Killed a royal mummy
210157 | Tomb:1   | Reached skill level 9 in Air Magic
210157 | Tomb:1   | Gained a life (2 lives remaining)
210298 | Tomb:1   | Noticed a royal mummy
210302 | Tomb:1   | Killed a royal mummy
210394 | Tomb:1   | Noticed a royal mummy
210400 | Tomb:1   | Killed a royal mummy
210677 | Tomb:1   | Noticed a royal mummy
210680 | Tomb:1   | Killed a royal mummy
210786 | Tomb:1   | Noticed a royal mummy
210789 | Tomb:1   | Noticed a royal mummy
210790 | Tomb:1   | Noticed a royal mummy
210791 | Tomb:1   | Noticed a royal mummy
210792 | Tomb:1   | Killed a royal mummy
210793 | Tomb:1   | Reached skill level 10 in Air Magic
210793 | Tomb:1   | Killed a royal mummy
210795 | Tomb:1   | Killed a royal mummy
210795 | Tomb:1   | Killed a royal mummy
211028 | Tomb:2   | Noticed a royal mummy
211029 | Tomb:2   | Killed a royal mummy
211044 | Tomb:2   | Reached skill level 11 in Air Magic
211129 | Tomb:2   | Noticed a royal mummy
211133 | Tomb:2   | Noticed a royal mummy
211141 | Tomb:2   | Killed a royal mummy
211141 | Tomb:2   | Killed a royal mummy
211151 | Tomb:2   | HP: 8/133 [bennu (5)]
211151 | Tomb:2   | Slain by a bennu
211151 | Tomb:2   | Lost a life (1 life remaining)
211151 | Tomb:2   | Noticed a royal mummy
211171 | Tomb:2   | Noticed a lich
211178 | Tomb:2   | Killed a lich
211179 | Tomb:2   | Reached skill level 12 in Air Magic
211899 | Tomb:2   | Killed a royal mummy
212798 | Tomb:2   | Reached skill level 13 in Air Magic
212927 | Tomb:2   | Got the Omnibus of Toxicity and Power
213194 | Tomb:3   | Entered Level 3 of the Tomb of the Ancients
213218 | Tomb:3   | Noticed a royal mummy
213220 | Tomb:3   | Noticed a royal mummy
213222 | Tomb:3   | Killed a royal mummy
213222 | Tomb:3   | Noticed a royal mummy
213223 | Tomb:3   | Reached skill level 14 in Air Magic
213223 | Tomb:3   | Killed a royal mummy
213223 | Tomb:3   | Noticed a royal mummy
213223 | Tomb:3   | Noticed a royal mummy
213225 | Tomb:3   | Noticed Khufu
213226 | Tomb:3   | Killed a royal mummy
213226 | Tomb:3   | Killed a royal mummy
213226 | Tomb:3   | Killed a royal mummy
213226 | Tomb:3   | Noticed a royal mummy
213226 | Tomb:3   | Noticed a royal mummy
213229 | Tomb:3   | Killed Khufu
213229 | Tomb:3   | Killed a royal mummy
213230 | Tomb:3   | Reached skill level 15 in Air Magic
213230 | Tomb:3   | Killed a royal mummy
213231 | Tomb:3   | Slain by a bennu
213231 | Tomb:3   | Lost a life (0 lives remaining)
213232 | Tomb:3   | Found the +10 zealot's sword {holy, Zealotry, *Rage rN+
                  | EV+3}
213689 | Tomb:3   | Identified the amulet "Fufun" {Acrobat Str+6}
213777 | Tomb:3   | Noticed a royal mummy
213782 | Tomb:3   | Killed a royal mummy
213862 | Tomb:3   | Got a golden rune of Zot
214157 | Tomb:1   | Learned a level 8 spell: Maxwell's Capacitive Coupling
215044 | Hell     | Learned a level 5 spell: Yara's Violent Unravelling
215496 | Depths:3 | Voluntarily entered the Abyss.
215506 | Abyss:3  | Found a corrupted altar of Lugonu.
215609 | Abyss:3  | Noticed a dread lich
215615 | Depths:3 | Escaped the Abyss
215736 | Depths:3 | Voluntarily entered the Abyss.
215876 | Depths:3 | Escaped the Abyss
215947 | Depths:3 | Voluntarily entered the Abyss.
216015 | Abyss:4  | Found a corrupted altar of Lugonu.
216046 | Abyss:4  | Noticed a lich
216060 | Abyss:4  | Killed a lich
216063 | Abyss:4  | Noticed a deep elf sorcerer
216066 | Abyss:4  | Killed a deep elf sorcerer
216092 | Depths:3 | Escaped the Abyss
216375 | Dis:7    | Killed the Serpent of Hell
216638 | Dis:7    | Killed a caustic shrike
216782 | Dis:7    | Noticed a caustic shrike
216785 | Dis:7    | Killed a caustic shrike
217033 | Dis:7    | Noticed a caustic shrike
217039 | Dis:7    | Killed a caustic shrike
217062 | Dis:7    | Noticed a caustic shrike
217233 | Dis:7    | Killed a caustic shrike
217234 | Dis:7    | Reached skill level 23 in Fighting
217342 | Dis:7    | Reached skill level 26 in Necromancy
217532 | Dis:7    | Noticed a caustic shrike
217536 | Dis:7    | Killed a caustic shrike
217680 | Dis:7    | Noticed an ancient lich
217684 | Dis:7    | Killed an ancient lich
218034 | Dis:7    | Reached skill level 25 in Earth Magic
218205 | Dis:7    | Gained a life (1 life remaining)
218317 | Dis:7    | Noticed a juggernaut
218320 | Dis:7    | Killed a juggernaut
218326 | Dis:7    | Noticed Dispater
218512 | Dis:7    | Noticed a juggernaut
218515 | Dis:7    | Killed a juggernaut
218654 | Dis:7    | Noticed a juggernaut
218656 | Dis:7    | Killed a juggernaut
218785 | Dis:7    | Identified the +6 spear "Qishos" {freeze, +Blink rElec
                  | Str+4 Dex-5}
218786 | Dis:7    | Identified the amulet of Etuog {RegenMP Dex+4}
218926 | Dis:7    | Killed Dispater
218927 | Dis:7    | Reached skill level 24 in Fighting
219015 | Dis:7    | Got an iron rune of Zot
219202 | D:15     | Learned a level 4 spell: Vhi's Electric Charge
219203 | Zig:1    | Entered Level 1 of a ziggurat
219222 | Zig:2    | Entered Level 2 of a ziggurat
219288 | Zig:3    | Entered Level 3 of a ziggurat
219345 | Zig:4    | Entered Level 4 of a ziggurat
219382 | Zig:5    | Entered Level 5 of a ziggurat
219386 | Zig:5    | Noticed a deep elf demonologist
219388 | Zig:5    | Killed a deep elf demonologist
219460 | Zig:6    | Entered Level 6 of a ziggurat
219540 | Zig:7    | Entered Level 7 of a ziggurat
219546 | Zig:7    | Noticed an entropy weaver
219546 | Zig:7    | Noticed an entropy weaver
219548 | Zig:7    | Killed an entropy weaver
219549 | Zig:7    | Killed an entropy weaver
219552 | Zig:7    | Reached skill level 16 in Air Magic
219613 | Zig:8    | Entered Level 8 of a ziggurat
219626 | Zig:8    | Reached skill level 1 in Fire Magic
219627 | Zig:8    | Reached skill level 2 in Fire Magic
219631 | Zig:8    | Reached skill level 3 in Fire Magic
219672 | Zig:9    | Entered Level 9 of a ziggurat
219680 | Zig:9    | Noticed an Ice Fiend
219681 | Zig:9    | Noticed Debbawn the pandemonium lord
219685 | Zig:9    | Reached skill level 4 in Fire Magic
219686 | Zig:9    | Killed an Ice Fiend
219692 | Zig:9    | Killed Debbawn the pandemonium lord
219693 | Zig:9    | Reached skill level 5 in Fire Magic
219779 | Zig:10   | Entered Level 10 of a ziggurat
219791 | Zig:10   | Reached skill level 6 in Fire Magic
219820 | Zig:10   | Identified the +1 ring mail of Hide-and-Seek {Str+5}
219823 | Zig:10   | Identified the ring of the Chimera {rCorr Str-5 Int+5
                  | Dex+2}
219827 | Zig:10   | Identified the ring "Suihau" {Int+4 SInv}
219833 | Zig:11   | Entered Level 11 of a ziggurat
219844 | Zig:11   | Reached skill level 7 in Fire Magic
219880 | Zig:12   | Entered Level 12 of a ziggurat
219886 | Zig:12   | Noticed an entropy weaver
219887 | Zig:12   | Noticed an entropy weaver
219888 | Zig:12   | Killed an entropy weaver
219888 | Zig:12   | Killed an entropy weaver
219890 | Zig:12   | Reached skill level 8 in Fire Magic
219898 | Zig:12   | Reached skill level 9 in Fire Magic
219969 | Zig:12   | Found the ring of the Octopus King
219998 | Zig:12   | Identified a ring of the Octopus King {rF+ HP+2 AC+2 EV+2
                  | SH+2}
220004 | Zig:12   | Identified the +1 rapier of Finangegg {elec, ^Contam rElec
                  | Will- rCorr}
220007 | Zig:13   | Entered Level 13 of a ziggurat
220020 | Zig:13   | Noticed a lich
220021 | Zig:13   | Killed a lich
220022 | Zig:13   | Noticed an ancient lich
220023 | Zig:13   | Killed an ancient lich
220024 | Zig:13   | Reached skill level 10 in Fire Magic
220128 | Zig:13   | Reached skill level 11 in Fire Magic
220130 | Zig:14   | Entered Level 14 of a ziggurat
220143 | Zig:14   | Reached skill level 12 in Fire Magic
220149 | Zig:14   | Found the +2 shield of Resistance {rF++ rC++ Will++}
220210 | Zig:14   | Identified the amulet "Segor" {Spirit rF- Str+6 Slay+5}
220223 | Zig:15   | Entered Level 15 of a ziggurat
220229 | Zig:15   | Noticed a dread lich
220231 | Zig:15   | Noticed a dread lich
220232 | Zig:15   | Killed a dread lich
220235 | Zig:15   | Killed a dread lich
220236 | Zig:15   | Reached skill level 13 in Fire Magic
220236 | Zig:15   | Noticed a dread lich
220241 | Zig:15   | Killed a dread lich
220241 | Zig:15   | Noticed a dread lich
220243 | Zig:15   | Killed a dread lich
220335 | Zig:15   | Lost mutation: You are partially covered in iridescent
                  | scales. (AC +2) [potion of mutation]
220335 | Zig:15   | Lost mutation: You are frail. (-10% HP) [potion of
                  | mutation]
220335 | Zig:15   | Gained mutation: You expend magic power (3 MP) to
                  | strengthen your wands. [potion of mutation]
220335 | Zig:15   | Gained mutation: Your system is resistant to poisons.
                  | (rPois) [potion of mutation]
220366 | Zig:16   | Entered Level 16 of a ziggurat
220400 | Zig:16   | Reached skill level 14 in Fire Magic
220603 | Zig:16   | Learned a level 9 spell: Fire Storm
220620 | Zig:16   | Found the +2 hat of the Bear Spirit {Spirit, Bear, *Rage
                  | Will++}
220652 | Zig:16   | Reached skill level 15 in Fire Magic
220656 | Zig:17   | Entered Level 17 of a ziggurat
220674 | Zig:17   | Noticed a caustic shrike
220675 | Zig:17   | Noticed a caustic shrike
220679 | Zig:17   | Reached skill level 16 in Fire Magic
220679 | Zig:17   | Killed a caustic shrike
220680 | Zig:17   | Killed a caustic shrike
220793 | Zig:17   | Identified the +2 robe of the Hecatoncheires {Harm rElec
                  | Regen+ Int-2}
220850 | Zig:18   | Entered Level 18 of a ziggurat
220860 | Zig:18   | Paralysed by an air elemental for 1 turns
220867 | Zig:18   | Reached skill level 17 in Fire Magic
220868 | Zig:18   | Noticed a deep elf demonologist
220869 | Zig:18   | Killed a deep elf demonologist
220921 | Zig:18   | Found the +3 greatsling "Punk" {acid, rCorr}
220930 | Zig:18   | Identified the amulet "Rasucvaf" {Reflect Slay+3 SH+5}
220932 | Zig:18   | Identified the ring of the Cuttlefish {Will++ EV+5 Int-2}
220944 | Zig:18   | Identified the +6 hand axe of the Fortifying Gods {drain,
                  | rPois rC- Will+ Str+3}
220959 | Zig:19   | Entered Level 19 of a ziggurat
220981 | Zig:19   | Gained a life (2 lives remaining)
220983 | Zig:19   | Reached skill level 18 in Fire Magic
221024 | Zig:19   | Identified the ring of Fuminack {rN+ rCorr}
221081 | Zig:20   | Entered Level 20 of a ziggurat
221107 | Zig:20   | Reached skill level 19 in Fire Magic
221157 | Zig:20   | Got Axtuxkai's Handbook of the Pill Bug
221178 | Zig:20   | Identified the ring of Loshrust {Fly rElec Will- Str+3}
221188 | Zig:21   | Entered Level 21 of a ziggurat
221214 | Zig:21   | Reached skill level 20 in Fire Magic
221240 | Zig:21   | Found the +5 demon whip "Spellbinder" {antimagic, disrupt,
                  | Will+}
221261 | Zig:21   | Got the Verses on Topography and the Fairies
221282 | Zig:22   | Entered Level 22 of a ziggurat
221298 | Zig:22   | Noticed a Brimstone Fiend
221300 | Zig:22   | Noticed a Brimstone Fiend
221303 | Zig:22   | Killed a Brimstone Fiend
221304 | Zig:22   | Noticed a Brimstone Fiend
221304 | Zig:22   | HP: 53/215 [searing wretch (6)]
221310 | Zig:23   | Entered Level 23 of a ziggurat
221334 | Zig:23   | Noticed a Brimstone Fiend
221349 | Zig:23   | Noticed a Tzitzimitl
221354 | Zig:23   | Noticed an Ice Fiend
221355 | Zig:23   | Noticed Jogg the pandemonium lord
221356 | Zig:23   | Noticed a Tzitzimitl
221356 | Zig:23   | Noticed an Ice Fiend
221356 | Zig:23   | Noticed a Brimstone Fiend
221357 | Zig:23   | Identified the +8 dagger "Tocesm" {heavy, *Slow +Blink
                  | rCorr Str+4}
221363 | D:15     | HP: 6/215 [Hell Sentinel (8)]
221364 | D:15     | HP: 2/215 [cloud of flame (4)]
221364 | D:15     | Killed from afar by a Hell Sentinel
221364 | D:15     | Lost a life (1 life remaining)
221644 | Zot:5    | Got the Orb of Zot
221856 | Depths:2 | Noticed a lich
221858 | Depths:2 | Noticed Ymuri the pandemonium lord
221867 | Depths:1 | Killed a lich
221998 | D:10     | Noticed an Ice Fiend
222000 | D:10     | Killed an Ice Fiend
222022 | D:9      | Noticed Ikiunair the pandemonium lord
222047 | D:8      | Killed Ikiunair the pandemonium lord
222151 | D:3      | Noticed Tonwifus the pandemonium lord
222239 | D:1      | Learned a level 8 spell: Borgnjor's Revivification
222258 | D:1      | Learned a level 6 spell: Dispersal
222269 | D:1      | Learned a level 9 spell: Fire Storm
222280 | D:1      | Noticed Tocvic the pandemonium lord
222284 | D:$      | Escaped with the Orb!

Table legend: (Time is in decaauts)
 A = Elapsed time spent in this place.
 B = Non-inter-level travel time spent in this place.
 C = Inter-level travel time spent in this place.
 D = Time resting spent in this place.
 E = Time spent auto-exploring this place.
 F = Levels seen in this place.
 G = Mean time per level.
                   A        B        C        D        E       F      G
               +--------+--------+--------+--------+--------+-----+--------+
         Total | 260992 | 227710 |  33282 |  77751 | 104758 | 145 | 1799.9 |
       Dungeon |  37431 |  29408 |   8023 |   8579 |  15593 |  15 | 2495.4 |
        Temple |     36 |      2 |     34 |      0 |      0 |   1 |   36.0 |
          Lair |  15285 |  13451 |   1834 |   5730 |   5316 |   5 | 3057.0 |
        Shoals |  13874 |  13335 |    539 |   3522 |   7947 |   4 | 3468.5 |
     Snake Pit |  19280 |  17126 |   2154 |   5664 |   9167 |   4 | 4820.0 |
    Slime Pits |   8487 |   7821 |    666 |   4040 |   2433 |   5 | 1697.4 |
  Orcish Mines |   5322 |   4886 |    436 |   1892 |   2202 |   2 | 2661.0 |
   Elven Halls |   5547 |   4969 |    578 |    472 |   3872 |   3 | 1849.0 |
        Vaults |  26720 |  22528 |   4192 |   7482 |  11811 |   5 | 5344.0 |
         Crypt |   8699 |   7391 |   1308 |   2755 |   3781 |   3 | 2899.7 |
          Tomb |   6178 |   5698 |    480 |   2148 |   2259 |   3 | 2059.3 |
        Depths |  19608 |  15006 |   4602 |   8220 |   4617 |   4 | 4902.0 |
          Hell |   8015 |   7008 |   1007 |   5820 |    678 |   1 | 8015.0 |
           Dis |   9545 |   6700 |   2845 |   1780 |   3504 |   7 | 1363.6 |
       Gehenna |   7625 |   6992 |    633 |   2399 |   2598 |   7 | 1089.3 |
       Cocytus |   6591 |   5799 |    792 |   1779 |   2608 |   7 |  941.6 |
      Tartarus |   5175 |   4181 |    994 |    386 |   2515 |   7 |  739.3 |
           Zot |  15610 |  13452 |   2158 |   3786 |   7575 |   5 | 3122.0 |
         Abyss |   3545 |   3545 |      0 |     87 |    777 |  13 |  272.7 |
   Pandemonium |  32691 |  32691 |      0 |   9488 |  13688 |  19 | 1720.6 |
      Ziggurat |   3217 |   3217 |      0 |   1245 |    306 |  23 |  139.9 |
        Bazaar |    100 |    100 |      0 |      0 |     64 |   1 |  100.0 |
      Ice Cave |   2402 |   2402 |      0 |    473 |   1442 |   1 | 2402.0 |
               +--------+--------+--------+--------+--------+-----+--------+

Top non-repeatable levels by time:
    Hell: 8015 daAuts
Depths:2: 7193 daAuts
Vaults:2: 6618 daAuts
Vaults:1: 6284 daAuts
 Snake:2: 5415 daAuts
 Snake:3: 5398 daAuts
Depths:3: 5238 daAuts
 Snake:4: 4927 daAuts
    D:13: 4869 daAuts
Vaults:3: 4825 daAuts
Vaults:5: 4786 daAuts
  Lair:2: 4676 daAuts
    D:15: 4521 daAuts
Shoals:1: 4485 daAuts
   Dis:7: 4478 daAuts

Table legend:
 A = Kills in this place as a percentage of kills in the entire game.
 B = Kills by you in this place as a percentage of kills by you in the entire game.
 C = Kills by friends in this place as a percentage of kills by friends in the entire game.
 D = Other kills in this place as a percentage of other kills in the entire game.
 E = Experience gained in this place as a percentage of experience gained in the entire game.
 F = Experience gained in this place divided by the number of levels of this place that you have seen.
                   A       B       C       D       E      F
               +-------+-------+-------+-------+-------+----------------------
         Total | 100.0 | 100.0 | 100.0 | 100.0 | 100.0 | 29522.0
       Dungeon |   6.8 |   6.7 |  21.4 |   0.0 |   2.1 | 6009.3
          Lair |   2.5 |   2.6 |   0.0 |   0.0 |   1.0 | 8751.2
        Shoals |   3.7 |   3.7 |   0.0 |   3.8 |   2.6 | 28123.8
     Snake Pit |   3.9 |   3.9 |   3.6 |   3.8 |   2.8 | 30223.0
    Slime Pits |   2.0 |   2.1 |   0.0 |   0.0 |   1.8 | 15121.2
  Orcish Mines |   2.8 |   2.9 |   0.0 |   0.0 |   0.5 | 10159.0
   Elven Halls |   2.7 |   2.7 |   0.0 |   0.0 |   2.4 | 34506.0
        Vaults |   7.2 |   7.2 |   7.1 |   0.0 |   7.9 | 67725.6
         Crypt |   2.7 |   2.7 |   0.0 |   0.0 |   2.6 | 36670.0
          Tomb |   4.5 |   4.6 |   3.6 |   0.0 |   5.7 | 81707.0
        Depths |   3.5 |   3.5 |   0.0 |   0.0 |   4.4 | 47613.8
          Hell |   1.9 |   1.8 |   7.1 |   3.8 |   2.6 | 110304.0
           Dis |   3.1 |   3.1 |   3.6 |   3.8 |   6.3 | 38773.1
       Gehenna |   2.2 |   2.2 |   0.0 |   0.0 |   3.5 | 21640.7
       Cocytus |   4.0 |   4.0 |  17.9 |   0.0 |   5.9 | 36344.7
      Tartarus |   2.2 |   2.2 |   0.0 |   3.8 |   3.5 | 21563.0
           Zot |   5.1 |   5.1 |   3.6 |   7.7 |   9.1 | 77809.8
         Abyss |   9.0 |   9.0 |   0.0 |  11.5 |   5.8 | 19164.0
   Pandemonium |  19.7 |  19.5 |  28.6 |  42.3 |  19.6 | 44156.4
      Ziggurat |   9.7 |   9.6 |   3.6 |  19.2 |   9.6 | 17793.0
      Ice Cave |   0.9 |   0.9 |   0.0 |   0.0 |   0.1 | 4813.0
               +-------+-------+-------+-------+-------+----------------------

Action                     |  1- 3 |  4- 6 |  7- 9 | 10-12 | 13-15 | 16-18 | 19-21 | 22-24 | 25-27 || total
---------------------------+-------+-------+-------+-------+-------+-------+-------+-------+-------++-------
  Melee: Unarmed           |       |     7 |    20 |   110 |    81 |    60 |     3 |     7 |  2575 ||  2863
         Bite              |       |       |     5 |    23 |    17 |    18 |       |       |   499 ||   562
         Punch             |       |       |       |     2 |     2 |     2 |       |       |   312 ||   318
   Cast: Sandblast         |    56 |    85 |       |       |       |       |       |       |       ||   141
         Stone Arrow       |       |    17 |   128 |   292 |   396 |     5 |       |       |       ||   838
         Passwall          |       |       |    17 |    12 |    26 |     6 |     4 |     5 |     6 ||    76
         Petrify           |       |       |    12 |    51 |    40 |       |       |       |       ||   103
         Leda's Liquefacti |       |       |       |     9 |    24 |     2 |    21 |    10 |     4 ||    70
         Lee's Rapid Decon |       |       |       |    52 |   123 |    28 |    20 |       |       ||   223
         Bombard           |       |       |       |       |   294 |   644 |   105 |       |       ||  1043
         Cause Fear        |       |       |       |       |    15 |    47 |    55 |    17 |    20 ||   154
         Freezing Cloud    |       |       |       |       |       |   218 |    44 |    11 |       ||   273
         Enfeeble          |       |       |       |       |       |    20 |    19 |    15 |    30 ||    84
         Lehudib's Crystal |       |       |       |       |       |       |   534 |   481 |  1874 ||  2889
         Passage of Golubr |       |       |       |       |       |       |    19 |    41 |    84 ||   144
         Shatter           |       |       |       |       |       |       |     4 |    36 |   864 ||   904
         Apportation       |       |       |       |       |       |       |       |    35 |     4 ||    39
         Yara's Violent Un |       |       |       |       |       |       |       |     6 |    22 ||    28
         Dispersal         |       |       |       |       |       |       |       |       |    16 ||    16
         Maxwell's Capacit |       |       |       |       |       |       |       |       |    66 ||    66
         Death's Door      |       |       |       |       |       |       |       |       |    27 ||    27
         Fugue of the Fall |       |       |       |       |       |       |       |       |    25 ||    25
         Fire Storm        |       |       |       |       |       |       |       |       |    16 ||    16
         Swiftness         |       |       |       |       |       |       |       |       |    11 ||    11
         Vhi's Electric Ch |       |       |       |       |       |       |       |       |     1 ||     1
Ability: Begin Untransform |       |       |       |       |       |       |       |       |     4 ||     4
  Evoke: Wand              |       |     1 |     2 |     4 |    12 |    11 |     1 |    11 |    31 ||    73
         Sack of spiders   |       |       |       |       |       |     3 |     1 |     1 |    12 ||    17
         Lightning rod     |       |       |       |       |       |     2 |     5 |     6 |     9 ||    22
         Phantom mirror    |       |       |       |       |       |     1 |       |       |     3 ||     4
         Condenser vane    |       |       |       |       |       |       |     1 |       |     2 ||     3
         Horn of Geryon    |       |       |       |       |       |       |       |       |     4 ||     4
         Figurine of a zig |       |       |       |       |       |       |       |       |     1 ||     1
    Use: Scroll            |       |     7 |     1 |    18 |     9 |     4 |     8 |     5 |    69 ||   121
         Potion            |       |       |       |     2 |    10 |     2 |     1 |    11 |    78 ||   104
   Stab: Sleeping          |       |       |     4 |     4 |     3 |     2 |       |       |    18 ||    31
         Petrified         |       |       |    10 |    91 |    55 |       |       |       |       ||   156
         Petrifying        |       |       |       |       |     4 |       |       |       |       ||     4
         Distracted        |       |       |       |       |     1 |       |       |       |    38 ||    39
         Invisible         |       |       |       |       |       |       |       |     2 |     5 ||     7
         Held in net/web   |       |       |       |       |       |       |       |       |     1 ||     1
 Armour: Skin              |     8 |    18 |    34 |   134 |   262 |   234 |   178 |   137 |  2880 ||  3885
  Dodge: Dodged            |    25 |    58 |    98 |   408 |   590 |   565 |   317 |   344 | 10297 || 12702
  Block: Other             |       |       |       |       |       |       |       |       |    33 ||    33
   Form: Statue            |       |       |       |       |       |       |       |     1 |     4 ||     5

Vanquished Creatures
  Mnoleg (Pan)
  Gloorx Vloq (Pan)
  the Serpent of Hell (Dis:7)
  Lom Lobon (Pan)
  13 dread liches
  Dispater (Dis:7)
  Khufu (Tomb:3)
  3 orbs of fire (Zot:5)
  14 ancient liches
  Xtahua (Vaults:4)
  5 juggernauts
  37 royal mummies
  Parghit (Zot:2)
  8 Killer Klowns
  20 shard shrikes
  Margery (Vaults:2)
  4 curse toes
  29 caustic shrikes
  12 golden dragons
  12 pandemonium lords
  10 bone dragons
  Geryon (Hell)
  8 profane servitors
  17 Brimstone Fiends
  11 hellephants
  3 electric golems
  12 doom hounds
  The ghost of Gawed the Warrior, an adept KoFi of Uskayaw (Vaults:1)
  35 tentacled monstrosities
  16 Tzitzimimeh
  The ghost of Superstore the Peltast, an adept MiFi of Lugonu (Vaults:1)
  Jorgrun (Shoals:1)
  15 iron giants
  21 Hell Sentinels
  A shard shrike skeleton (Tomb:3)
  A walking crystal tome (Depths:3)
  2 spectral shard shrikes
  The ghost of Innyits the Eclecticist, an adept DjAE of Makhleb (Vaults:1)
  23 Ice Fiends
  A walking divine tome (Depths:3)
  28 Orb Guardians
  12 quicksilver dragons
  13 liches
  23 titans
  A walking earthen tome (Depths:2)
  16 tainted leviathans
  8 sphinxes
  4 deep elf blademasters
  18 acid blobs
  9 deep elf master archers
  27 searing wretches
  5 krakens
  59 Executioners
  44 ancient champions
  An eldritch tentacle (Dis:6)
  A walking frostbound tome (Depths:3)
  14 shadow dragons
  5 death cobs
  5 tengu reavers
  18 tentacled starspawn
  Roxanne (Shoals:2)
  4 daevas
  5 revenants
  Donald (Orc:2)
  13 nagarajas
  13 storm dragons
  3 protean progenitors
  4 rockslimes
  9 draconian knights
  14 azure jellies
  9 demonspawn warmongers
  5 fenstrider witches
  27 fire giants
  15 quicksilver elementals
  9 deep elf sorcerers
  11 draconian monks
  22 narguns
  A caustic shrike zombie (Crypt:1)
  12 frost giants
  13 draconian scorchers
  16 iron dragons
  A juggernaut zombie (Crypt:2)
  3 spectral caustic shrikes
  22 vault wardens
  2 emperor scorpions (Zig:7)
  3 spectral juggernauts
  65 balrugs
  9 ghost moths
  11 draconian shifters
  6 curse skulls
  21 ironbound preservers
  16 ghouls
  2 spriggan defenders
  6 deep elf elementalists (Elf:3)
  5 shard shrike simulacra
  30 very ugly things
  20 cacodemons
  8 orc warlords
  7 draconian stormcallers
  4 ophanim (Pan)
  47 reapers
  15 quicksilver oozes
  7 caustic shrike skeletons (Pan)
  4 angels (Pan)
  7 draconian annihilators
  11 demonspawn blood saints
  9 juggernaut skeletons
  9 vampire knights
  9 formless jellyfish
  14 demonspawn corrupters (Pan)
  21 stone giants
  32 elemental wellsprings
  3 ironbound thunderhulks (Vaults:2)
  15 putrid mouths
  5 eleionomae (Zig:19)
  6 purple draconians
  9 deep elf demonologists
  4 apis (Pan)
  15 wendigos
  2 bunyips
  21 green draconians
  12 deep elf death magi
  23 lorocyprocas
  16 black draconians
  8 demonspawn black suns (Pan)
  25 red draconians
  18 white draconians
  11 deep elf annihilators
  12 yellow draconians
  19 bennus
  20 war gargoyles
  2 spectral titans
  16 spark wasps
  13 dire elephants
  28 blizzard demons
  21 iron golems
  A quicksilver dragon zombie (Hell)
  An acid blob zombie (Crypt:2)
  5 fire dragons
  20 green deaths
  11 deep elf high priests
  14 ettins
  10 eidola
  7 jiangshi
  Josephine (Orc:2)
  12 merfolk javelineers
  A crystal guardian (Zig:12)
  7 merfolk impalers
  29 mummy priests
  5 entropy weavers
  2 shambling mangroves
  9 rakshasas
  13 great orbs of eyes
  21 yaktaur captains
  26 salamander tyrants
  47 vault guards
  A spectral shadow dragon (Tar:1)
  3 ogre magi
  A fenstrider witch zombie (Tomb:1)
  9 spectral spriggans
  Harold (Lair:1)
  8 ice dragons
  2 spriggan skeletons (Abyss:3)
  8 caustic shrike simulacra
  7 hell beasts
  23 centaur warriors
  11 hydras
  4 ironbound frosthearts
  7 spriggan air magi
  A peacekeeper (Vaults:1)
  3 alligators (Zig:19)
  6 juggernaut simulacra
  Erica (D:11)
  8 merfolk aquamancers
  3 ghost crabs
  6 merfolk avatars
  5 catoblepae
  15 naga warriors
  43 dancing weapons
  7 two-headed ogres
  21 death scarabs (Tomb:1)
  2 satyrs (Shoals:4)
  A death knight (Crypt:2)
  16 anacondas
  11 boulder beetles
  8 stokers
  2 titan zombies
  3 deep troll shamans
  7 deep troll earth magi
  20 thrashing horrors
  5 vampire magi
  4 spriggan berserkers
  The ghost of Caerwyn the Geomancer, a journeyman GrEE of Vehumet (D:10)
  A bennu skeleton (Crypt:1)
  2 death yaks
  39 demonic crawlers
  34 hell hogs
  6 tengu warriors
  2 spectral dire elephants
  12 orc high priests
  9 hell knights
  25 shock serpents
  Urug (Orc:2)
  37 naga sharpshooters
  146 sun demons
  33 sixfirhies
  3 spectral emperor scorpions (Pan)
  71 soul eaters
  5 spriggans
  Sonja (D:11)
  21 deep elf knights
  13 crystal echidnas
  A pharaoh ant (Zig:8)
  17 wretched stars
  4 death drakes (Zig:16)
  6 hellephant skeletons (Pan)
  6 iron trolls
  21 sea snakes
  A spectral minotaur (Tar:1)
  Amaemon (D:11)
  4 quicksilver dragon simulacra
  3 cherubim (Pan)
  57 deep trolls
  A salamander mystic (Snake:3)
  A fire crab (Abyss:3)
  2 spatial maelstroms (Abyss:3)
  23 shadow wraiths
  A skyshark (shapeshifter) (Vaults:5)
  A bunyip zombie (Crypt:1)
  2 death drakes (shapeshifter) (Vaults:5)
  4 goliath frogs (Zig:19)
  A spark wasp zombie (Crypt:3)
  9 flayed ghosts
  14 shadow demons
  23 skeletal warriors
  14 skysharks
  16 sun moths (Pan)
  17 mana vipers
  A spectral hydra (Tar:3)
  8 lindwurms
  7 spectral anacondas (Tar:4)
  A kraken simulacrum (Shoals:4)
  8 arcanists
  17 deep elf archers
  4 spriggan druids
  6 swamp dragons
  2 anaconda zombies
  An elf simulacrum (Coc:1)
  An iron giant skeleton (Tomb:2)
  4 bog bodies
  12 naga ritualists
  9 glowing orange brains
  5 necromancers
  6 orange crystal statues
  21 phantasmal warriors
  A fenstrider witch simulacrum (Crypt:2)
  9 orc knights
  27 deep elf zephyrmancers
  4 obsidian statues
  24 harpies
  16 ironbound convokers
  2 spectral ettins
  A golden dragon skeleton (Depths:2)
  A frost giant zombie (Depths:2)
  A steelbarb worm (shapeshifter) (Vaults:5)
  10 cyclopes
  30 deep elf pyromancers
  2 fauns (Shoals:2)
  A wolf spider (Zig:8)
  15 manticores
  15 orc sorcerers
  4 shining eyes
  11 salamanders
  7 worldbinders (Abyss:3)
  26 ugly things
  A will-o-the-wisp (Zig:19)
  Maurice (Orc:2)
  12 rust devils
  A centaur zombie (Tomb:3)
  17 elephants
  A meliai (Zig:7)
  8 merfolk sirens
  11 guardian serpents
  An iron dragon skeleton (Tomb:1)
  15 moths of wrath
  3 titan simulacra
  58 black mambas
  A moth of wrath (shapeshifter) (Zig:18)
  A fire giant skeleton (Crypt:3)
  11 kobold blastminers
  14 water nymphs
  5 apocalypse crabs (Abyss:3)
  5 eyes of devastation
  47 smoke demons
  25 vault sentinels
  A naga zombie (Crypt:1)
  28 naga magi
  6 ice statues
  141 large abominations
  4 gargoyles
  7 torpor snails
  14 cane toads
  35 hellions
  2 centaur skeletons
  A storm dragon simulacrum (Hell)
  2 dire elephant skeletons (Tomb:2)
  27 orange demons
  36 yaktaurs
  5 unseen horrors
  A red draconian zombie (Crypt:2)
  9 freezing wraiths
  15 komodo dragons
  An unseen horror zombie (Crypt:2)
  7 rime drakes
  An alligator snapping turtle skeleton (Hell)
  16 ancient zymes
  Psyche (D:8)
  3 bunyip simulacra
  41 tormentors
  5 tengu conjurers
  21 efreet
  4 iron giant simulacra
  A yellow draconian zombie (Crypt:2)
  2 golden dragon simulacra
  5 ice devils
  8 anaconda simulacra
  42 guardian mummies
  3 spectral nagas
  A troll (shapeshifter) (Vaults:5)
  7 red devils
  6 trolls
  4 silent spectres
  A polar bear (shapeshifter) (D:15)
  2 tyrant leeches (Zig:19)
  A green draconian skeleton (Crypt:1)
  5 wind drakes
  3 polar bears
  8 spectral harpies
  A tarantella (shapeshifter) (Abyss:3)
  3 shadow dragon simulacra
  16 hellwings
  3 harpy zombies
  A tarantella (Zig:8)
  6 glass eyes
  8 hornets
  51 merfolk
  2 harpy skeletons
  A glass eye (shapeshifter) (Zig:13)
  10 blink frogs
  4 dream sheep
  2 iron dragon simulacra
  54 raiju
  4 stone giant simulacra
  85 slime creatures
  10 snapping turtles
  2 shadows (Abyss:3)
  80 ynoxinuls
  5 air elementals
  A jumping spider (shapeshifter) (Depths:3)
  2 centaur simulacra
  6 wyverns
  2 spriggans (shapeshifter)
  A yak (shapeshifter) (Zig:14)
  21 water elementals
  65 starcursed masses
  14 wraiths
  2 vampires
  5 dire elephant simulacra
  40 yaks
  A human (D:13)
  25 ushabtiu
  5 basilisks
  26 fire elementals
  15 vampire mosquitoes
  14 golden eyes
  A redback (shapeshifter) (Abyss:3)
  5 steam dragons
  80 chaos spawn
  6 death yak simulacra (IceCv)
  6 wargs
  2 redbacks (Zig:8)
  62 neqoxecs
  A wind drake skeleton (Crypt:1)
  13 harpy simulacra
  A two-headed ogre zombie (Crypt:3)
  50 nagas
  A swamp worm (shapeshifter) (Zig:13)
  7 hydra simulacra
  15 water moccasins
  8 hell hounds
  5 acid dragons
  2 swamp drakes
  3 naga skeletons
  64 orc warriors
  2 ice beasts
  2 sky beasts
  A hornet zombie (D:3)
  9 ettin simulacra
  29 small abominations
  A black mamba simulacrum (Coc:1)
  26 ogres
  7 boggarts
  8 centaurs
  38 laughing skulls
  13 wolves
  A tengu (shapeshifter) (Elf:1)
  A manticore skeleton (Crypt:2)
  11 weeping skulls (Abyss:3)
  10 bullfrogs
  A kobold brigand (D:9)
  A wyvern zombie (Crypt:3)
  4 brain worms (Abyss:3)
  A komodo dragon skeleton (Crypt:1)
  A cane toad simulacrum (IceCv)
  6 earth elementals
  6 necrophages
  3 gnoll sergeants
  2 scorpions
  8 two-headed ogre simulacra (IceCv)
  A warg zombie (Crypt:3)
  16 wights
  3 elephant simulacra (IceCv)
  A queen bee zombie (Crypt:2)
  13 killer bees
  9 howler monkeys
  3 electric eels (D:10)
  8 quasits
  2 bullfrog zombies
  A hound (D:7)
  6 jellies
  A gnoll bouda (D:10)
  28 orc priests
  A bullfrog skeleton (D:3)
  3 iron imps (Abyss:3)
  3 iguanas
  A sleepcap (D:5)
  37 orc wizards
  5 hell rats (Hell)
  12 spriggan simulacra
  A statue (D:8)
  2 troll simulacra (IceCv)
  A killer bee zombie (Crypt:3)
  A wolf simulacrum (IceCv)
  A tengu zombie (Crypt:3)
  A sky beast zombie (Crypt:1)
  The ghost of kasel the Sneak, a weakling VSBr (D:3)
  49 mummies
  16 gnolls
  A steam dragon zombie (Crypt:1)
  5 adders
  2 naga simulacra (IceCv)
  A shadow imp (D:7)
  14 white imps
  15 ufetubi
  An iguana zombie (Crypt:2)
  2 dart slugs
  4 ribbon worms
  109 orcs
  5 ball pythons
  A bat zombie (Crypt:2)
  11 endoplasms
  A giant cockroach (D:1)
  7 goblins
  6 hobgoblins
  6 kobolds
  2 quokkas
  7 bats
  A dart slug zombie (Crypt:2)
  2 frilled lizards
  6 rats
  An aspiring flesh (Pan)
  8 creeping infernos
  4 fire vortices
  4 lurking horrors
  11 starspawn tentacles
  2 tentacles
5526 creatures vanquished.

Vanquished Creatures (collateral kills)
  3 shard shrikes (Coc:5)
  A Tzitzimitl (Pan)
  An Ice Fiend (Coc:7)
  A searing wretch (Hell)
  An azure jelly (Coc:7)
  2 vault wardens
  A balrug (Pan)
  A putrid mouth (Hell)
  A bennu (Tomb:1)
  A black draconian (Zot:4)
  An iron golem (Dis:6)
  A catoblepas (Zig:17)
  2 sun demons (Pan)
  A mana viper (Snake:3)
  2 smoke demons (Pan)
  A ynoxinul (Pan)
  A neqoxec (Pan)
  2 killer bees (D:9)
  4 kobolds (D:9)
28 creatures vanquished.

Vanquished Creatures (others)
  A caustic shrike (Dis:6)
  A bone dragon (Tar:5)
  A golden dragon (Zot:1)
  A titan (Pan)
  A shadow dragon (Zot:4)
  An eldritch tentacle (Pan)
  A draconian monk (Zot:1)
  A fenstrider witch (Pan)
  2 draconian stormcallers (Zot:1)
  A draconian annihilator (Pan)
  A demonspawn blood saint (Pan)
  A deep elf annihilator (Pan)
  A yellow draconian (Zot:1)
  2 red draconians (Zot:1)
  A blizzard demon (Pan)
  2 rakshasas (Pan)
  2 jorogumos (Pan)
  A spriggan (Zig:19)
  A soul eater (Hell)
  A sixfirhy (Pan)
  2 death drakes (Zig:16)
  A wretched star (Abyss:4)
  5 large abominations (Pan)
  A merfolk siren (Shoals:2)
  A smoke demon (Abyss:3)
  A rime drake (Zig:16)
  An efreet (Abyss:3)
  2 hellwings (Pan)
  A hornet (Zig:19)
  2 ynoxinuls (Pan)
  A dire elephant simulacrum (Coc:5)
  A steam dragon (Zig:16)
  A neqoxec (Pan)
  2 fire elementals
  A chaos spawn (Pan)
  A naga (Snake:4)
  A small abomination (Abyss:3)
  23 ball lightnings (Pan)
  2 creeping infernos
  47 fire vortices
  A lurking horror (Abyss:3)
  22 starspawn tentacles
  45 tentacles
189 creatures vanquished.

Grand Total: 5743 creatures vanquished There were no monsters in sight!

Levels and vault maps discovered:
D:1:      matt_arrival_refuge, layout_basic
D:2:      layout_basic
D:3:      layout_rooms, lemuel_coloured_pillars_altar,
          grunt_temple_overflow_cloverleaf, gammafunk_ghost_necromancy,
          kennysheep_generic_room_16
D:4:      layout_basic, minmay_temple_entry_glassed_door,
          chequers_serial_rivers_micro_d
D:5:      layout_loops_ring, kennysheep_little_box, grunt_dithmenos_shadows,
          chequers_serial_rivers_room_b
D:6:      hellmonk_crumbling_castle, layout_basic, uniq_blork_the_orc
D:7:      layout_cave_pods, nzn_hepliaklqana_mist_gate, tgw_sif,
          nicolae_shop_i_like_small_books_too, grunt_ministairs_15,
          minmay_misc_feat_plants, kennysheep_generic_room_11
D:8:      layout_basic, vehumet_statue, uniq_jeremiah, uniq_psyche
D:9:      layout_roguey
D:10:     layout_layer_cave, ebering_ghost_disaster_area,
          nicolae_have_a_lightning_rod
D:11:     layout_basic, erik_lair_dragon, orc_0_dummy, grunt_tough_drop,
          uniq_erica, uniq_sonja
D:12:     layout_stronghold, serial_rivers, chequers_serial_rivers_small_a,
          chequers_serial_rivers_micro_b, chequers_serial_rivers_small_3,
          chequers_serial_rivers_large_b, grunt_decor_resistance,
          grunt_decor_clamped
D:13:     minmay_recursive_quarters, layout_basic, grunt_vaults_entry_fortified,
          gauntlet_entry_generic, serial_shops, kennysheep_mini, xom_redecorated
D:14:     hellmonk_destroyed_diamonds, layout_layer_cave,
          minmay_misc_feat_enclosed
D:15:     hellmonk_depths_entry_around_the_bend, layout_loops_cross,
          serial_shops, shop, shop, nicolae_shop_hallway_stairs, shop,
          nicolae_shop_trees
Temple:   hc_temple_tempest_star
Lair:1:   layout_misc_corridors, infiniplex_staircase_pool_2, uniq_harold,
          uniq_amaemon
Lair:2:   layout_loops_ring, nicolae_snake_entry_squirm
Lair:3:   layout_hall_layers, mainiacjoe_shoals_entry_four_pools,
          minmay_lindwurm_lava
Lair:4:   layout_regular_city, slime_entry_2, basic_altar, serial_bayou_ford_a
Lair:5:   guppyfry_lair_end_dragon, layout_small_grid, portal_ice_cave_rime,
          grunt_megastairs_4
Shoals:1: layout_shoals, uniq_jorgrun
Shoals:2: nicolae_shoals_lighthouse, layout_shoals,
          nicolae_shoals_lost_giant_temple, uniq_roxanne
Shoals:3: layout_shoals, nicolae_shoals_sun_and_surf
Shoals:4: shoals_end_grunt_ice, layout_shoals
Snake:1:  layout_chambers, serial_shops, nicolae_shop_industrial_runoff,
          nicolae_snake_coiling_death, uniq_nikola
Snake:2:  layout_onion_interference, serial_shops,
          nicolae_shop_pleasant_corner_grove,
          serial_library_hellmonk_double_dead_end, minmay_snake_pond,
          serial_bayou_shore_b, nicolae_triple_integral, minmay_shop_star
Snake:3:  kennysheep_six_static_rooms, layout_cave_shapes, serial_shops,
          nicolae_shop_pleasant_corner_grove, nicolae_wooded_promenade,
          grunt_ministairs_9, nicolae_snake_boneroom, uniq_vashnia
Snake:4:  hellmonk_snake_rune_quicksilver_temple, layout_misc_corridors,
          serial_shops, statue_bzr, nicolae_snake_storage_room,
          lemuel_fruit_tree, serial_bayou_shore_a
Slime:1:  layout_caves, nicolae_slime_phagocytosis
Slime:2:  layout_caves
Slime:3:  layout_caves
Slime:4:  layout_caves, nicolae_slime_barrier
Slime:5:  slime_pit_nicolae_trefoil
Orc:1:    layout_caves, nicolae_orc_hostile_takeover
Orc:2:    grunt_orc_community_town_hall, layout_diamond_mine,
          grunt_orc_community_big_house_2, grunt_orc_community_big_house_2,
          grunt_orc_community_house_1, grunt_orc_community_house_2,
          grunt_orc_community_house_3, grunt_orc_community_house_3,
          grunt_orc_community_house_3, chequers_guarded_unrand_ignorance,
          uniq_josephine, uniq_urug, uniq_donald, uniq_maurice
Elf:1:    nicolae_elf_arrival_no_cutting_in_line, layout_gridlike, serial_shops,
          shop, hangedman_elf_disciples
Elf:2:    nicolae_elf_blades_crystal_corner, layout_geoelf_diagonals, drop_trap,
          minivault_23
Elf:3:    elf_hall, layout_geoelf_castle, serial_shops, shop, eino_tiny_chamber
Vaults:1: nzn_ghost_randoct, nicolae_vaults_storage_closets_2, v_rooms_4,
          v_alt_pattern_2, v_pattern_3, v_misc_1, grunt_vaults_diagonal,
          v_misc_10, nicolae_vaults_shipping_containers_4,
          nicolae_vaults_lightning_bolt, vaults_room_pools,
          nicolae_vaults_offset_grid_hallway_1, nicolae_vaults_house_1,
          layout_vaults_maze, serial_shops, shop, enter_trove_3
Vaults:2: ontoclasm_vaults_ring_square, vaults_room_stairs_pillars,
          nicolae_vaults_apartment_1, nicolae_vaults_circle_grid_a,
          vaults_room_semicircle, nicolae_vaults_network_star,
          minmay_crypt_entry_simple_walls, nicolae_vaults_tangram_1,
          nicolae_vaults_closet_pinwheel_5, nicolae_vaults_weapon_check,
          hangedman_vaults_nails, layout_vaults_chaotic_city, uniq_margery
Vaults:3: v_misc_3, nicolae_vaults_theta, vaults_room_pools,
          nicolae_vaults_closet_pinwheel_6, nicolae_vaults_ninety_degrees,
          v_rooms_4, v_misc_1, ontoclasm_vaults_bender,
          nicolae_vaults_taking_the_gang_shopping, vaults_room_large_hall,
          layout_vaults_omnibox
Vaults:4: nicolae_vaults_doubleplus_tesselated,
          nicolae_vaults_stairing_the_circle, nicolae_vaults_double_plus_2,
          ontoclasm_vaults_eye, ontoclasm_vaults_gateway,
          nicolae_vaults_mini_display_case, grunt_vaults_trifunnel,
          ontoclasm_vaults_loading_screen, ontoclasm_vaults_twist,
          nicolae_vaults_variable_pillar_hall, layout_vaults_big_cross,
          serial_shops, nicolae_lakefront_shop, uniq_xtahua
Vaults:5: serial_shops
Crypt:1:  layout_gridlike
Crypt:2:  layout_misc_corridors, minmay_misc_feat_rows
Crypt:3:  david_glass_crypt, layout_misc_corridors, tomb_entry_shell_bobbens
Tomb:1
Tomb:2
Tomb:3
Depths:1: layout_basic, enter_ziggurat_e, rand_demon_pan_entry_3, hell_entry,
          tso_altar, nicolae_twisty_statue_hallways, hangedman_decor_cross_pass
Depths:2: minmay_the_grid_four_pointed_star_mashed
          [minmay_the_grid_triangle_9x9_limited_checkers,
          minmay_the_grid_triangle_9x9_longest,
          minmay_the_grid_triangle_9x9_sprig,
          minmay_the_grid_triangle_9x9_skeleton,
          minmay_the_grid_prize_four_corners_diamond_a], layout_cave_shapes,
          rand_demon_pan_entry_5, hell_entry, abyss_entry,
          nicolae_figureground_pulse, minmay_misc_feat_columns,
          minmay_statues_item, infiniplex_staircase_zigzag_2, minmay_shop_grove
Depths:3: grunt_arcs, layout_cave_pools, abyss_entry_glasseish,
          grunt_pan_entry_in_and_out, grunt_decor_fettered, grunt_metal_band
Depths:4: grunt_zot_entry_bicorn, layout_honeycomb, elyvilon_altar_1,
          pf_dread_powers_of_hell, fedhas_altar_1
Hell
Dis:1:    layout_jigsaw, nicolae_hells_leichenhalle
Dis:2:    layout_subdivisions
Dis:3:    layout_jigsaw
Dis:4:    layout_regular_city
Dis:5:    layout_gridville
Dis:6:    layout_subdivisions
Dis:7:    dis_hangedman
Geh:1:    layout_gehenna_lava_caves
Geh:2:    layout_gehenna_pools_basic, hangedman_hellfire_club
Geh:3:    layout_gehenna_lava_caves
Geh:4:    layout_gehenna_lava_caves
Geh:5:    layout_gehenna_lava_caves
Geh:6:    layout_gehenna_lava_caves
Geh:7:    geh_old
Coc:1:    layout_cocytus_delve
Coc:2:    layout_ice_bergs, nicolae_coc_icebean_singular
          [nicolae_sub_coc_subbean]
Coc:3:    layout_ice_bergs
Coc:4:    layout_cocytus_delve, nicolae_hells_seeping_fissure
Coc:5:    layout_ice_bergs
Coc:6:    layout_ice_bergs
Coc:7:    coc_grunt_cove [coc_grunt_cove_antaeus, coc_grunt_cove_fiend,
          coc_grunt_cove_fiend, coc_grunt_cove_fiend, coc_grunt_cove_fiend]
Tar:1:    layout_grid_maze
Tar:2:    layout_cathedral_of_symmetry
Tar:3:    layout_honeycomb
Tar:4:    layout_catacombs, tekkud_tar_snaking_path
Tar:5:    layout_catacombs
Tar:6:    layout_grid_maze
Tar:7:    tar_old
Zot:1:    nicolae_zot_stationary_front, layout_basic, lemuel_baited_zot_trap,
          nrook_zot_tub
Zot:2:    layout_gridlike, regret_index_zotdec_silver_v_v_orig_slice,
          regret_index_zotdec_ceiling_fans, uniq_parghit
Zot:3:    lemuel_firehouse, layout_onion, regret_index_zotdec_ex, uniq_josephina
Zot:4:    kennysheep_spiral_hall, layout_basic, grunt_megastairs_1
Zot:5:    layout_basic, nicolae_transmutations_shop
